Cogmind - Beta 16 @@@ ROGUE MODE // 2025.12.16 @ 01:59:50 Player: Boris Result: Destroyed by Immortal with Experimental Jetlance Performance ------------- Evolutions (8) 4000 Regions Visited (28) 5600 Robots Destroyed (418) 2090 Value Destroyed (18963) 18963 Prototype IDs (90) 1800 Alien Tech Used (6) 1200 Bonus (15344) 15344 TOTAL SCORE: 48997 Bonus ------- High Alert Combat Kills 1337 Follower Combat Kills 2297 Forged Quantum Companion 1000 Built PL-3XN's Obliterator 1000 Network Hubs Disabled 600 Registered with UFD 300 Met Optimus in HQ 500 Met Warlord at Base 500 MAIN.C Attacked Warlord 500 Warlord Defense Kills 1208 Built Enhanced Grunts 300 Met R17 at Cetus 500 Found Hidden Lab 3000 Met R17 at Research 2000 Pursued by Intercept 500 Met Optimus at Protoforge 1000 Friendly Fire -1198 Cogmind --------- Core Integrity 0/1450 Matter 65/300 Energy 200/200 System Corruption 12% Temperature Cool (0) Movement Walking (97) Location -2/Protoforge Parts ------- > --- POWER (2) -------- Micro Antimatter Reactor Micro Antimatter Reactor > --- PROPULSION (7) --- Biometal Leg Enhanced Biometal Leg Impulse Thruster Array > --- UTILITY (10) ----- Experimental Melee Analysis Suite Experimental Core Analyzer Experimental Armor Integrity Analyzer Centrium Light Armor Plating Improved System Guard > --- WEAPON (4) ------- Compact HERF Cannon Quantum Companion > --- INVENTORY (5) ---- Core Cannon Peak State ------------ > --- POWER ------------ Improved Quantum Reactor Improved Quantum Reactor > --- PROPULSION ------- Improved Thunder Leg Centrium Leg Centrium Leg Experimental Biometal Leg Experimental Biometal Leg Experimental VSS Leg Experimental VSS Leg > --- UTILITY ---------- Large Storage Unit Experimental Core Analyzer Experimental Armor Integrity Analyzer Experimental Kinecellerator Experimental Reaction Control System Medium Regenerative Plating Experimental Force Field Improved Hacking Suite Advanced Hacking Suite Quantum Router > --- WEAPON ----------- Core Cannon Concept XC Strikerail Quantum Companion > --- INVENTORY -------- Experimental Energy Well Deep Structural Scanner Experimental Melee Analysis Suite Advanced Actuator Array Experimental Cloaking Device Experimental EM Shield Advanced Trap Extractor Transdimensional Reconstructor Compact HERF Cannon Concept XC Strikerail Concept XC Strikerail PL-3XN's Obliterator Guided Remote Datajack [Rating: 232] Favorites ----------- Power Light Nuclear Core Engine Improved Ion Engine Power Core Light Nuclear Core Reactor Compact Particle Reactor Propulsion Combat Antigrav System Treads Light Treads Leg Centrium Leg Wheel Wheel Hover Unit Combat Antigrav System Flight Unit Cooled VTOL Module Utility Large Storage Unit Device Weapon Mount Storage Large Storage Unit Processor Core Analyzer Hackware Improved Hacking Suite Protection Centrium Medium Armor Plating Artifact LC Capacitor Weapon Enhanced Autogun Energy Gun Vortex Rifle Energy Cannon Heavy Phase Cannon Ballistic Gun Enhanced Autogun Ballistic Cannon Magnetic Acceleration Cannon Launcher Long-range Missile Launcher Special Weapon Guided Remote Datajack Impact Weapon Maul Slashing Weapon Quantum Companion Piercing Weapon Thermal Lance Special Melee Weapon Advanced Datajack Build | -11 -10 -10 -9 -8 -7 -7 -7 -7 -5 -5 -5 -5 -5 -5 -4 -4 -4 -4 -4 -4 -4 -4 -3 -3 -3 -2 -2 -2 ------- Run | Yrd Mat Min Mat Mat Fac Sto Rec Scr Fac Was Fac Upp Upp War Pro Fac Was Fac Ext Cet Arc Hub Res Arm Lab Res Qua Frg Slots Evolved 16 | . . . 2 2 2 . . . 4 . . . . . . 2 . . . . . . 2 . . 2 . . Power 1 | . . . . . . . . . . . . . . . . 1 . . . . . . . . . . . . Propulsion 5 | . . . . 2 1 . . . 1 . . . . . . . . . . . . . 1 . . . . . Utility 8 | . . . . . 1 . . . 3 . . . . . . 1 . . . . . . 1 . . 2 . . Weapon 2 | . . . 2 . . . . . . . . . . . . . . . . . . . . . . . . . Parts Attached 372 | 6 5 . 27 41 18 7 3 4 3 . 29 10 3 12 4 11 . 37 17 8 12 10 25 22 7 4 14 33 Power 37 | 1 . . 3 3 1 . . . . . 2 . 1 2 . 1 . 3 3 1 2 . 5 3 . . . 6 Engine 11 | 1 . . 3 2 . . . . . . 1 . . 1 . . . . . . 2 . 1 . . . . . Core 9 | . . . . 1 1 . . . . . 1 . 1 . . . . 1 2 . . . 1 1 . . . . Reactor 17 | . . . . . . . . . . . . . . 1 . 1 . 2 1 1 . . 3 2 . . . 6 Propulsion 116 | 2 2 . 9 18 7 5 . . . . 6 . . 3 . 2 . 14 3 2 5 6 6 11 . 1 6 8 Treads 33 | 2 2 . 9 15 . . . . . . . . . . . . . . . 2 . . . . . . 3 . Leg 10 | . . . . . . . . . . . . . . . . . . . . . . . . . . . 3 7 Wheel 2 | . . . . 2 . . . . . . . . . . . . . . . . . . . . . . . . Hover 56 | . . . . . . . . . . . 5 . . 3 . 2 . 14 3 . 5 6 6 11 . 1 . . Flight 15 | . . . . 1 7 5 . . . . 1 . . . . . . . . . . . . . . . . 1 Utility 120 | 1 3 . 4 5 5 1 3 2 2 . 15 5 . 3 2 3 . 13 6 2 5 1 10 4 3 2 6 14 Device 48 | 1 . . . 2 . . 1 . . . 7 4 . 3 1 1 . 7 1 . 3 . 4 3 . . 4 6 Storage 9 | . 1 . 2 . . . 1 1 . . 2 . . . . . . . . . . . 1 . 1 . . . Processor 21 | . . . . 1 1 1 . 1 . . 1 1 . . . . . 3 1 . . 1 2 . . . 1 7 Hackware 23 | . . . . 1 2 . 1 . 2 . 4 . . . . 2 . 2 1 . 2 . 2 1 . 2 1 . Protection 18 | . 2 . 2 1 2 . . . . . 1 . . . 1 . . 1 3 2 . . 1 . 1 . . 1 Artifact 1 | . . . . . . . . . . . . . . . . . . . . . . . . . 1 . . . Weapon 99 | 2 . . 11 15 5 1 . 2 1 . 6 5 2 4 2 5 . 7 5 3 . 3 4 4 4 1 2 5 Energy Gun 16 | . . . 2 1 . . . . . . 3 2 . 2 1 1 . 2 . . . . . . 2 . . . Energy Cannon 9 | . . . . . . . . . . . 1 . . . 1 1 . . 1 . . . . 2 1 1 1 . Ballistic Gun 43 | 2 . . 7 11 3 1 . . 1 . . 3 . . . 2 . 3 1 3 . 1 . 1 . . . 4 Ballistic Cannon 4 | . . . 1 . . . . . . . . . 2 . . . . . . . . . . . . . 1 . Launcher 9 | . . . 1 1 2 . . . . . 1 . . . . . . 2 1 . . . . 1 . . . . Special Weapon 6 | . . . . . . . . 1 . . . . . 2 . 1 . . . . . 1 . . 1 . . . Impact Weapon 1 | . . . . 1 . . . . . . . . . . . . . . . . . . . . . . . . Slashing Weapon 5 | . . . . . . . . 1 . . . . . . . . . . 1 . . . 3 . . . . . Piercing Weapon 2 | . . . . . . . . . . . 1 . . . . . . . . . . . . . . . . 1 Special Melee Weapon 4 | . . . . 1 . . . . . . . . . . . . . . 1 . . 1 1 . . . . . Unidentified Prototypes 54 | . . . . 3 . 2 . 1 . . 2 . . 5 . 3 . 2 1 3 . . 2 1 9 2 5 13 Corrupted Parts 2 | . . . . . . . . . . . . . . . . . . 2 . . . . . . . . . . System Corruption 5 | . . . . . . . . . . . . . . . . . . 5 . . . . . . . . . . Parts Lost 60 | . 1 . 1 5 . 1 . 1 . . . . 2 1 . . . 17 3 1 . 2 4 1 . . 1 19 Power 9 | . . . 1 1 . . . . . . . . 1 . . . . 2 . . . 1 1 . . . . 2 Propulsion 21 | . . . . 2 . . . . . . . . 1 . . . . 8 3 . . 1 . . . . . 6 Utility 20 | . 1 . . . . 1 . . . . . . . . . . . 5 . . . . 3 . . . . 10 Weapon 10 | . . . . 2 . . . 1 . . . . . 1 . . . 2 . 1 . . . 1 . . 1 1 Highest Loss Streak 11 | . 1 . 1 4 . 1 . 1 . . . . 2 1 . . . 10 1 1 . 1 2 1 . . 1 11 To Critical Strikes 3 | . . . . . . . . . . . . . 1 . . . . 1 . 1 . . . . . . . . Average Backups 12 | 1 8 10 14 19 5 5 7 7 6 8 9 13 14 13 12 13 13 13 12 12 12 12 13 13 12 10 12 11 Power . | . 1 1 1 1 . . . . . . . . . . 1 . . . 1 . . . . . . . . . Propulsion 1 | . . 1 2 3 . . 1 . . . . . . . . . 1 . . . . . . 2 . . 1 . Utility 7 | . 3 4 6 9 3 2 4 4 3 4 5 10 10 9 8 9 8 8 6 6 7 7 7 6 7 6 6 6 Weapon 3 | . 2 3 2 4 2 2 2 1 2 3 3 3 3 3 3 3 2 2 3 4 3 3 3 3 3 2 2 3 Tool/Special . | . . . . . . . . . . . . . . . . . . . . . . . . . . . . . Unused Backups 67 | . 2 . 11 3 5 . . 20 . 1 4 2 3 2 . 1 . 1 . 1 1 . 4 3 . 1 2 . Power 12 | . . . 7 . . . . 2 . . . . 1 . . . . . . . . . 1 1 . . . . Propulsion 7 | . . . . . . . . 4 . 1 . . . . . . . 1 . . . . . 1 . . . . Utility 35 | . 1 . 3 2 5 . . 9 . . 3 1 2 2 . 1 . . . 1 . . 2 . . 1 2 . Weapon 10 | . 1 . 1 1 . . . 4 . . . 1 . . . . . . . . 1 . . 1 . . . . Tool/Special 3 | . . . . . . . . 1 . . 1 . . . . . . . . . . . 1 . . . . . Average Slot Usage (%) 94 | . 98 100 99 98 96 99 99 95 95 100 92 99 92 96 100 90 93 86 81 84 86 88 90 98 91 97 93 82 Engine 3 | . 14 14 10 7 . . . . . . 3 . . 2 . . . . . . 2 4 . . . . . . Core 2 | . . . . 1 7 7 7 7 5 5 1 4 4 1 . . . . 5 5 5 5 5 1 . . . . Reactor 2 | . . . . . . . . . . . . . . 1 5 5 5 5 3 4 2 . 2 7 8 8 8 7 Treads 8 | . 28 28 21 34 . . . . . . . . . . . . . . . 7 5 . . . . . 2 3 Leg 1 | . . . . . . . . . . . . . . . . . . . . . . . . . . . 4 18 Hover 14 | . . . . . . . . . . . 9 29 23 30 35 31 31 29 27 12 20 30 24 31 33 30 19 . Flight 5 | . . . . . 37 37 38 38 35 35 25 5 5 3 . . . . . . . . . . . . . . Device 8 | . 3 . . 3 7 7 1 . 4 5 5 9 13 16 17 14 15 12 15 15 14 12 12 10 8 8 9 9 Storage 6 | . 12 14 11 9 . . 5 7 5 5 5 5 5 5 5 5 5 5 5 5 5 5 4 4 4 4 4 4 Processor 5 | . . . . 2 . 3 7 7 11 11 7 10 11 8 5 5 5 2 5 5 3 4 2 9 9 8 9 11 Hackware 5 | . . . . . 8 7 7 6 10 11 13 4 . . . 8 10 12 5 5 6 8 11 9 9 15 14 11 Protection 3 | . 10 14 10 1 2 3 . . . . . 1 2 1 5 1 . 1 4 5 3 4 3 2 3 4 4 3 Ballistic Gun 15 | . 28 28 40 35 24 24 28 18 13 17 7 12 10 . . 1 10 8 . 11 8 . 3 2 . 4 2 4 Slashing Weapon 4 | . . . . . . . . 6 5 5 5 5 5 5 5 5 5 5 5 5 5 5 12 11 5 4 4 4 Peak Build Rating 232 | 6 8 8 19 38 46 52 57 59 76 76 99 100 95 115 113 146 146 145 125 152 152 123 156 168 175 184 204 232 Average Rating 86 | 4 7 8 15 31 41 47 54 53 72 75 79 96 84 96 110 137 143 122 108 139 128 110 145 160 153 181 184 184 On Entrance 91 | . 6 8 8 19 38 46 49 55 57 76 76 99 95 84 105 109 146 142 103 96 152 114 113 152 165 169 184 180 Avg Prop Armor Cover (%) 4 | . . . . 16 . . . . 1 . 4 3 1 2 2 . . 8 . 2 2 . 2 3 . . 17 11 Naked Turns . | . . . . . . . . . . . . . . . . . . . . . . . . . . . . . Heaviest Build 107 | 8 20 20 66 66 22 22 23 26 31 31 59 63 59 77 74 83 83 85 71 83 82 66 71 87 75 75 89 107 Greatest Support 180 | 40 40 40 40 86 27 26 25 25 31 41 70 70 59 84 84 100 85 85 74 160 160 68 93 107 106 107 180 142 Greatest Overweight (x) 5 | . . . 1 5 . 1 . 1 . . 1 . . 2 . . . 1 1 1 2 1 . 1 . . . 1 Average Overweight (x) . | . . . . . . . . . . . . . . . . . . . . . . . . . . . . . Largest Inventory Capacity 20 | 5 10 10 20 20 20 5 8 10 10 10 15 15 15 15 15 15 15 15 15 15 15 15 15 15 15 15 15 15 Average Capacity 14 | 5 9 10 15 20 5 5 7 9 10 10 11 15 15 15 15 15 15 15 15 15 15 15 15 15 15 15 15 14 Most Carried 20 | 2 10 10 20 20 20 5 8 10 10 10 15 15 15 15 15 15 15 15 15 15 15 15 15 15 15 15 15 15 Average Carried 13 | 1 8 10 14 19 5 4 7 7 7 9 10 14 14 14 14 14 14 14 14 14 14 14 14 14 13 14 14 13 Final Capacity 20 | 5 10 10 20 20 5 5 8 10 10 10 15 15 15 15 15 15 15 15 15 15 15 15 15 15 15 15 15 5 Final Carried 20 | 2 10 10 20 20 5 5 8 10 10 10 15 15 15 15 15 15 14 15 15 15 15 15 15 15 15 15 15 2 Class Distribution -------------------- 14% | Hacker-Gladiator 13% | Scavenger-Tank 10% | Gunner 9% | Mutant 8% | Scavenger-Mutant 7% | Scout 6% | Commander-Sprinter 4% | Hacker-Mutant 3% | Scavenger-Skirmisher 3% | Sprinter Dominant Class ---------------- Mutant | -10/Materials Mutant | -10/Mines Scavenger-Tank | -9/Materials Gunner | -8/Materials Sprinter | -7/Factory Sprinter | -7/Storage Commander-Sprinter | -7/Recycling Commander-Sprinter | -7/Scraptown Hacker-Sprinter | -5/Factory Hacker-Sprinter | -5/Waste Hacker-Sprinter | -5/Factory Scout | -5/Upper Caves Scout | -5/Upper Caves Scout | -5/Warlord Trapper-Mutant | -4/Proximity Caves Trapper-Mutant | -4/Factory Hacker-Gunner | -4/Waste Hacker-Skirmisher | -4/Factory Scavenger-Gladiator | -4/Extension Scavenger-Tank | -4/Cetus Scavenger-Mutant | -4/Archives Scavenger-Mutant | -4/Hub_04(d) Hacker-Gladiator | -3/Research Hacker-Gladiator | -3/Armory Hacker-Gladiator | -3/Lab Wizard-Gladiator | -2/Research Hacker-Gladiator | -2/Quarantine Hacker-Gladiator | -2/Protoforge Resources | -11 -10 -10 -9 -8 -7 -7 -7 -7 -5 -5 -5 -5 -5 -5 -4 -4 -4 -4 -4 -4 -4 -4 -3 -3 -3 -2 -2 -2 ----------- Run | Yrd Mat Min Mat Mat Fac Sto Rec Scr Fac Was Fac Upp Upp War Pro Fac Was Fac Ext Cet Arc Hub Res Arm Lab Res Qua Frg Matter Collected 13732 | 226 223 39 1124 2330 235 167 374 79 50 . 531 453 486 571 200 194 . 1324 392 183 270 270 714 1224 49 26 594 1404 Remotely . | . . . . . . . . . . . . . . . . . . . . . . . . . . . . . Salvage Created 22112 | 63 504 103 1661 3034 353 . 826 21 119 . 719 709 513 402 34 319 895 1989 1252 289 336 1538 1595 1614 88 26 804 2306 Parts 1027 | 5 28 5 111 165 19 . 23 5 6 . 27 15 16 14 1 12 6 90 55 11 28 57 67 89 8 4 30 130 Haulers Intercepted 29 | . 2 . 6 6 2 . . . 1 . 3 . . . . . . 1 2 . . 2 4 . . . . . Recyclers Shooed 12 | 1 . . 3 2 . . 4 . . . . . . . . . . . 1 . . 1 . . . . . . Parts Field Recycled . | . . . . . . . . . . . . . . . . . . . . . . . . . . . . . Retrieved Matter . | . . . . . . . . . . . . . . . . . . . . . . . . . . . . . Parts Self-Destructed 22 | . . . . . . . . . . . . 8 14 . . . . . . . . . . . . . . . Prevented . | . . . . . . . . . . . . . . . . . . . . . . . . . . . . . Parts Restored . | . . . . . . . . . . . . . . . . . . . . . . . . . . . . . Kills | -11 -10 -10 -9 -8 -7 -7 -7 -7 -5 -5 -5 -5 -5 -5 -4 -4 -4 -4 -4 -4 -4 -4 -3 -3 -3 -2 -2 -2 ------- Run | Yrd Mat Min Mat Mat Fac Sto Rec Scr Fac Was Fac Upp Upp War Pro Fac Was Fac Ext Cet Arc Hub Res Arm Lab Res Qua Frg Combat Hostiles Destroyed 291 | . 9 2 27 51 9 . 4 . . . 7 5 15 12 . 3 4 28 15 3 1 14 12 25 1 . 7 37 Melee 104 | . . . . . . . 1 . . . 5 4 5 . . 2 . 17 7 1 . 14 10 22 1 . 5 10 Guns 109 | . 9 2 27 45 2 . 3 . . . . . 1 . . . 1 1 . 2 1 . . . . . . 15 Cannons 15 | . . . . . . . . . . . . . . . . . 1 2 1 . . . 1 . . . . 10 AOE 45 | . . . . 6 6 . . . . . 2 1 9 12 . . 2 2 5 . . . . . . . . . Classes Destroyed 30 | 2 6 . 4 3 2 . . 1 . . 1 1 . 2 1 . 1 . . . . . . . . . 2 4 Worker 16 | . 1 . 1 4 . . . . . . 1 . . . . . . 1 . . . 4 4 . . . . . Builder 12 | . 1 . 1 4 . . . . . . . . . . . . . 1 . . . 1 2 . . 1 . 1 Tunneler 5 | 1 . . . 2 . . . . . . . . . . . . . 1 . . . . 1 . . . . . Hauler 30 | . 2 . 6 6 2 . . . 1 . 3 . . . . . . 1 2 . . 2 4 . . . . 1 Recycler 20 | 1 1 . 1 4 . . 7 . . . 1 . . . . . . 1 1 . . 2 1 . . . . . Minesweeper 1 | . . . . . . . . . . . . . . . 1 . . . . . . . . . . . . . Mechanic 4 | . . . 2 . 1 . . . . . . . . 1 . . . . . . . . . . . . . . Operator 21 | . 1 . 2 5 1 . . . . . . . . . . 1 . 2 1 . 7 . 1 . . . . . Drone 7 | . . . . . . . . . . . 1 . . . . . . 1 . . . . . 1 . . . 4 Watcher 19 | . . . 2 3 2 . . . 1 . 2 . . . . 1 . 2 1 1 . 2 1 . . . . 1 Swarmer 49 | . 3 . 3 7 7 . . . . . 4 . 4 1 . . . 5 5 . . 2 2 4 . . . 2 Saboteur 3 | . . . . . . . . . . . . . . 2 . . . . . . . . . 1 . . . . Grunt 92 | . 6 2 14 28 . . 1 . . . . 3 10 3 . . . 1 4 . . 3 5 5 . . . 7 Brawler 7 | . . . 1 2 . . . . . . . . 1 1 . . . . 1 . . . . . . . . 1 Duelist 7 | . . . . 2 . . 1 . . . . . 1 . . . . 2 . . . . . . . . . 1 Protector 6 | . . . . 2 . . 1 . . . . . . 2 . . . . . . . . . . . . . 1 Researcher 1 | . . . . . . . . . . . . . . . . . . . . . . . . . . . . 1 Sentry 39 | . . . 9 8 . . . . . . . 2 . . . 1 . 2 4 . 1 3 3 3 . . . 3 Specialist 2 | . . . . 2 . . . . . . . . . . . . . . . . . . . . . . . . Hunter 26 | . . . . . 1 . . . . . . . . 2 . 2 . 9 1 . . 3 2 3 . . 1 2 Programmer 33 | . . . . . 1 . 1 . . . 2 . . . . . . 8 . . . 3 . 6 . . 4 8 Behemoth 1 | . . . . . . . . . . . . . . 1 . . . . . . . . . . . . . . Compactor 4 | . . . . . . . . . . . . . . . . . 4 . . . . . . . . . . . Armor Guard 2 | . . . . . . . . . . . . . . . . . . . . . . . . 2 . . . . Cetus Guard 3 | . . . . . . . . . . . . . . . . . . . . 3 . . . . . . . . Immortal 1 | . . . . . . . . . . . . . . . . . . . . . . . . . . . . 1 Overlord 1 | . . . . . . . . . . . . . . . . . . . . . . . . . . . . 1 Tracker 2 | . . . . . . . . . . . . . . . . . . . . . . . . . . . . 2 Striker 2 | . . . . . . . . . . . . . . . . . . . . . . . . . . . . 2 Executioner 2 | . . . . . . . . . . . . . . . . . . . . . . . . . . . . 2 Alpha 7 1 | . . . . . . . . . . . . . . . . . . . . . . . . . . . 1 . Fortress 1 | . . . . . . . . . . . . . . . . . . . . . . . . . . . 1 . Scientist 1 | . . . . . . . . 1 . . . . . . . . . . . . . . . . . . . . Decomposer 3 | . . . . . . . . . . . . 3 . . . . . . . . . . . . . . . . Packrat 3 | . . . . . . . . . . . . 3 . . . . . . . . . . . . . . . . Samaritan 1 | . . . . . . . . . . . . 1 . . . . . . . . . . . . . . . . Best Kill Streak 10 | 2 3 2 3 8 5 . 10 . 1 . 5 2 4 9 1 2 3 5 6 4 6 6 5 3 1 1 4 10 Combat Bots Only 10 | . 3 2 3 7 5 . 4 . . . 5 2 4 8 . 2 3 5 5 3 1 5 3 3 1 . 4 10 Max Kills in Single Turn 3 | 1 1 1 1 3 3 . 3 1 1 . 2 1 3 3 1 1 1 1 3 1 1 1 1 1 1 1 1 2 Gunslinging 1 | . . . . 1 . . . . . . . . . . . . . . . . . . . . . . . 1 Exploded 3 | . . . . 2 3 . . . . . 2 1 2 2 . . 1 1 3 . . . . . . . . . Melee 1 | . . . . . . . 1 . . . 1 1 1 . . 1 . 1 1 1 . 1 1 1 1 . 1 1 Uniques/NPCs Destroyed 2 | . . . . . . . . . . . . . . . . . . . . 1 . . . . 1 . . . A7 (-4/Cetus) A5 (-3/Lab) Combat | -11 -10 -10 -9 -8 -7 -7 -7 -7 -5 -5 -5 -5 -5 -5 -4 -4 -4 -4 -4 -4 -4 -4 -3 -3 -3 -2 -2 -2 -------- Run | Yrd Mat Min Mat Mat Fac Sto Rec Scr Fac Was Fac Upp Upp War Pro Fac Was Fac Ext Cet Arc Hub Res Arm Lab Res Qua Frg Hostile Shots Fired 1506 | . 50 19 83 178 29 . . 13 . . 44 23 23 36 5 18 . 276 54 18 4 18 64 142 12 4 73 320 Missed 494 | . 15 5 20 40 14 . . 7 . . 19 5 8 15 1 10 . 108 23 5 1 3 23 60 3 2 18 89 Deflected 27 | . . . . . . . . . . . . . . . . . . 6 2 . . . 4 3 1 . 2 9 Hits 1012 | . 35 14 63 138 15 . . 6 . . 25 18 15 21 4 8 . 168 31 13 3 15 41 82 9 2 55 231 Melee 43 | . . . . . . . . . . . . . . . . . . . . . . . . 2 . . . 41 Projectile 969 | . 35 14 63 138 15 . . 6 . . 25 18 15 21 4 8 . 168 31 13 3 15 41 80 9 2 55 190 AOE 2 | . . . . . . . . . . . . . . . . . . 1 . . . . . . . . . 1 Critical Strikes 85 | . . . 2 9 1 . . . . . 3 2 1 . . 3 . 9 1 4 . 2 1 1 1 . 6 39 Actively Blocked 1 | . . . . . 1 . . . . . . . . . . . . . . . . . . . . . . . Part Disruptions 3 | . . . . . . . . . . . . . . . . . . . . . . . . 1 . . . 2 Damage Taken 20166 | . 379 206 866 2211 240 . . 69 . . 408 412 416 299 64 120 . 2928 810 383 77 498 801 1675 219 56 1082 5947 Core 3146 | . 39 30 77 200 59 . . 6 . . 150 49 112 23 34 32 . 484 112 26 . 89 17 175 111 . 166 1155 Absorbed by Shields 1431 | . . . . . . . . 17 . . . . . 16 . 14 . . 32 . . . . . . . 103 1249 Redirected to Shielding 32 | . . . . . 32 . . . . . . . . . . . . . . . . . . . . . . . Ignored by Resistances 1104 | . . . . . . . . . . . . . . . . . . . . . . . . . . . . 1104 Regen/Repaired (Parts) 1661 | . . . 312 86 . . . . . . 187 . . 39 . . . 223 . . . . . 325 . 3 197 289 Core Remaining (%) 75 | 100 . 72 80 63 . . . 90 . . . . . . 63 . . . . . . 35 . . 100 . . . Volleys Fired 641 | 5 57 15 89 139 9 . 14 2 . . 12 9 25 24 3 2 17 19 10 10 4 1 3 103 7 1 6 55 Largest 4 | 2 2 2 4 4 4 . 4 1 . . 1 3 3 2 1 1 3 1 1 3 3 1 1 1 1 1 1 3 Hottest 300 | 40 40 40 152 105 98 . 103 39 . . 90 150 118 87 44 30 150 90 46 105 105 90 90 120 120 10 300 300 Shots Fired 1537 | 10 114 30 332 539 21 . 56 2 . . 13 13 35 26 3 2 39 20 11 19 12 1 3 103 7 1 7 118 Gun 1364 | 10 114 30 324 533 17 . 56 . . . 7 5 13 1 . 2 32 5 1 14 12 . . 87 . . 1 100 Cannon 78 | . . . 7 . . . . . . . 5 3 5 2 3 . 3 2 . 5 . 1 3 13 7 . 4 15 Launcher 80 | . . . 1 6 4 . . 1 . . 1 5 17 19 . . . 13 10 . . . . 3 . . . . Special 15 | . . . . . . . . 1 . . . . . 4 . . 4 . . . . . . . . 1 2 3 Kinetic 1348 | 10 114 30 297 533 17 . 56 . . . 1 5 18 2 3 2 32 5 1 14 12 . . 87 . . 3 106 Thermal 75 | . . . 34 . . . . . . . 5 3 . . . . 3 2 . 5 . 1 3 6 7 . 1 5 Explosive 64 | . . . 1 6 4 . . 1 . . 1 5 17 23 . . 4 . 2 . . . . . . . . . Electromagnetic 42 | . . . . . . . . . . . 6 . . . . . . 13 8 . . . . 10 . . 1 4 Entropic 1 | . . . . . . . . . . . . . . 1 . . . . . . . . . . . . . . Robot Hit Streak 63 | 3 8 15 10 20 3 . 6 3 . . 10 1 4 7 . 9 45 46 10 13 21 . . 20 . . 21 63 Robot Miss Streak 5 | 2 4 1 3 5 5 . 2 . . . . 3 1 1 . . . 2 . 2 1 . . 2 . . 2 2 Penetration Max 2 | . . . . . . . . . . . . . . . . . 1 . . 1 1 . . . . . . 2 Secondary Targets 24 | . 1 . 2 15 . . 1 . . . . . 1 . . . . . . 1 . . . . . . . 3 Max Gunslinging Chain 1 | . 1 . 1 1 . . 1 . . . . . 1 . . . . . . 1 . . . . . . . 1 Autonomous 46 | . . . . . . . . . . . . . . . . . 5 9 7 . . 1 4 5 . . 2 13 Shots Hit Robots 1344 | 6 75 26 188 323 16 . 35 1 2 . 33 26 28 12 6 9 36 73 45 23 18 42 57 101 6 1 21 135 Core Hits 670 | 3 31 7 74 142 13 . 14 2 2 . 16 22 33 41 1 6 13 33 25 12 8 20 19 43 3 1 10 76 Critical Kills 11 | . . . 1 2 . . 1 . . . . . . . . . . . . 1 1 . . . . . . 5 Critical Parts Destroyed 15 | . 2 . . . 1 . 2 . . . . . . . . . . . . . 1 . . 1 . . . 8 Critical Strikes 59 | . 2 . 5 2 1 . 3 . . . 2 . 2 1 . . . 4 . 1 3 2 4 5 . . . 22 Burn 4 | . . . 4 . . . . . . . . . . . . . . . . . . . . . . . . . Destroy 25 | . 2 . 1 2 . . 1 . . . . . . . . . . . . 1 3 . . 1 . . . 14 Blast 3 | . . . . . . . . . . . . . . 1 . . . . . . . . . . . . . 2 Smash 3 | . . . . . 1 . 2 . . . . . . . . . . . . . . . . . . . . . Melee Attacks 747 | . . . . 4 23 4 7 5 3 . 52 43 38 4 16 13 . 104 40 7 7 54 81 115 15 6 46 60 Thermal 10 | . . . . . . . . . . . . . . . 2 1 . 4 1 . . . . 1 1 . . . Impact 38 | . . . . 4 23 4 7 . . . . . . . . . . . . . . . . . . . . . Slashing 692 | . . . . . . . . 5 3 . 52 43 38 4 14 12 . 100 39 7 7 54 80 108 14 6 46 60 Piercing . | . . . . . . . . . . . . . . . . . . . . . . . . . . . . . Sneak Attacks 103 | . . . . . 5 . 3 . 1 . 6 7 1 . 1 1 . 9 11 4 7 23 17 3 . 1 2 1 Combat Hostiles 22 | . . . . . . . . . . . 1 . . . . . . 1 4 . . 9 3 3 . . 1 . Follow-up Attacks 9 | . . . . . . . . . . . . . . . . . . 3 . . . . 1 3 . . 2 . Damage Inflicted 63043 | 50 645 213 2684 6014 1354 . 1038 61 163 . 1804 1606 2497 3019 275 428 3177 5961 4148 880 1405 4631 4882 5344 514 93 1594 8563 Guns 15615 | 50 628 212 2660 5197 151 . 701 . . . 144 22 200 . . 46 717 50 . 444 321 . . 568 . . . 3504 Cannons 6191 | . . . . . . . . . . . . . . 62 . . 527 812 615 137 . 80 350 522 . . 308 2778 Explosions 9785 | . . . . 672 600 . . 61 . . 165 283 1533 2957 . . 1864 432 923 . . . . 295 . . . . Melee 31179 | . . . . . 603 . 337 . 163 . 1495 1301 764 . 275 382 . 4650 2610 299 1084 4551 4532 3959 514 93 1286 2281 Ramming 204 | . 17 1 24 145 . . . . . . . . . . . . . 17 . . . . . . . . . . Kinetic 15678 | 50 628 212 2255 5197 151 . 701 . . . . 22 200 62 . 46 717 50 . 444 321 . . 568 . . 150 3904 Thermal 2572 | . . . 405 . 154 . . . . . . . . . . . 105 287 . 137 . . . 284 . . . 1200 Explosive 8461 | . . . . 672 446 . . 61 . . 165 283 1533 2957 . . 1864 . 480 . . . . . . . . . Electromagnetic 1189 | . . . . . . . . . . . 144 . . . . . . 402 443 . . . . 129 . . . 71 Impact 940 | . . . . . 603 . 337 . . . . . . . . . . . . . . . . . . . . . Slashing 30051 | . . . . . . . . . 163 . 1495 1301 764 . 275 382 69 4393 2610 299 1084 4551 4532 3959 514 93 1286 2281 Piercing . | . . . . . . . . . . . . . . . . . . . . . . . . . . . . . Phasic 3948 | . . . . . . . . . . . . . . . . . 422 812 615 . . 80 350 404 . . 158 1107 Highest Corruption 24 | . 1 1 . . . . . 1 . 8 8 4 . . . . . 13 13 13 13 2 . 3 5 . 7 24 Average Corruption 6 | . 1 1 . . . . . 1 . 8 4 3 . . . . . 6 13 13 9 1 . 2 4 . 6 12 Corruption Purged 28 | . . . . . . . . . . . 5 4 . . . . . 6 . . 13 . . . . . . . Corruption Blocked . | . . . . . . . . . . . . . . . . . . . . . . . . . . . . . Effects 248 | . 1 1 . . . . . 1 . . 22 15 . . . . . 45 35 17 7 . . 21 10 . 9 64 Message Errors 51 | . . . . . . . . . . . 6 2 . . . . . 10 9 3 2 . . 2 1 . 1 15 Matter Fused 62 | . . 1 . . . . . . . . 6 3 . . . . . 15 6 2 2 . . 7 3 . 3 14 Heat Flow Errors 32 | . 1 . . . . . . . . . 2 2 . . . . . 7 3 1 2 . . 3 1 . 1 9 Energy Discharges 26 | . . . . . . . . . . . 1 3 . . . . . 2 8 2 . . . 2 1 . 1 6 Parts Rejected 7 | . . . . . . . . . . . 1 1 . . . . . 2 . . . . . 1 . . . 2 Data Loss (minor) 25 | . . . . . . . . . . . 3 1 . . . . . 4 4 4 1 . . 4 1 . 2 1 Data Loss (major) 13 | . . . . . . . . 1 . . 1 3 . . . . . 2 3 . . . . . 1 . . 2 Misfires 6 | . . . . . . . . . . . 1 . . . . . . 1 1 1 . . . 1 . . 1 . Alerts 6 | . . . . . . . . . . . 1 . . . . . . . 1 1 . . . . 2 . . 1 Misdirections 10 | . . . . . . . . . . . . . . . . . . 2 . 1 . . . . . . . 7 Weapon Failures 10 | . . . . . . . . . . . . . . . . . . . . 2 . . . 1 . . . 7 Overload Shots . | . . . . . . . . . . . . . . . . . . . . . . . . . . . . . Overflow Damage 5337 | . . . . 81 377 . 133 . . . 66 173 103 47 65 18 59 957 420 23 547 854 769 371 . . 79 195 Projectiles 333 | . . . . . . . . . . . . . . . . . . 71 101 . . . . 65 . . . 96 Explosions 477 | . . . . 66 63 . . . . . . . 31 47 . . 59 26 185 . . . . . . . . . Melee 4527 | . . . . 15 314 . 133 . . . 66 173 72 . 65 18 . 860 134 23 547 854 769 306 . . 79 99 Knockbacks 6 | . . . . 1 4 . . . . . . . . . . . . . . . . . . . . . . 1 Impact 5 | . . . . 1 4 . . . . . . . . . . . . . . . . . . . . . . . Kinetic 1 | . . . . . . . . . . . . . . . . . . . . . . . . . . . . 1 Secondary . | . . . . . . . . . . . . . . . . . . . . . . . . . . . . . Self-Inflicted Damage 452 | . . . . 190 . . . . . . . . 138 . . . . 30 77 . . . . 17 . . . . Shots 11 | . . . . 3 . . . . . . . . 2 . . . . 3 2 . . . . 1 . . . . Rammed 22 | . 4 1 6 10 . . . . . . . . . . . . . 1 . . . . . . . . . . Targets Rammed 26 | . 5 1 7 12 . . . . . . . . . . . . . 1 . . . . . . . . . . Kicked . | . . . . . . . . . . . . . . . . . . . . . . . . . . . . . Crushed 4 | . 1 . 1 2 . . . . . . . . . . . . . . . . . . . . . . . . Highest Temperature 339 | . 212 76 339 329 180 79 256 6 . 41 168 170 70 24 100 84 280 263 177 265 240 257 200 309 230 . 240 256 Average Temperature 66 | . 21 45 80 77 97 32 117 6 . 32 40 37 15 6 29 7 113 63 55 80 108 63 72 76 69 . 79 86 Received Heat Transfer 2927 | . 156 120 384 1053 . . . 22 . . 12 139 99 21 . 34 . 147 94 . 18 57 105 172 . 18 . 276 Effects 13 | . . . . 3 . . . . . . . . . . . . 1 6 . . . . . . . . 3 . Energy Bleed 5 | . . . . 3 . . . . . . . . . . . . 1 1 . . . . . . . . . . Interference 8 | . . . . . . . . . . . . . . . . . . 5 . . . . . . . . 3 . Siege Activations . | . . . . . . . . . . . . . . . . . . . . . . . . . . . . . Martial Activations . | . . . . . . . . . . . . . . . . . . . . . . . . . . . . . Shielding Activations . | . . . . . . . . . . . . . . . . . . . . . . . . . . . . . Robots Disrupted 7 | . . . . . . . . . . . 1 . 1 . . . . 1 1 . . 1 1 . . . 1 . Combat Hostiles 7 | . . . . . . . . . . . 1 . 1 . . . . 1 1 . . 1 1 . . . 1 . Robots Corrupted 14 | . . . . 1 5 . 2 . . . 1 . . . . . . 2 2 . . . . 1 . . . . Combat Hostiles 6 | . . . . . 1 . . . . . . . . . . . . 2 2 . . . . 1 . . . . Parts Fried 24 | . . . . 2 6 . 1 . . . 3 . . 2 . . . 3 4 2 . . . 1 . . . . Impact Corruptions 16 | . . . . 3 8 . 4 . . . . . . . . . . 1 . . . . . . . . . . Robots Melted 1 | . . . . . . . . . . . . . . . . . . 1 . . . . . . . . . . Combat Hostiles . | . . . . . . . . . . . . . . . . . . . . . . . . . . . . . Parts Melted 4 | . . . . . . . . . . . 1 . . . . . . 1 . . . 2 . . . . . . Heat Transferred 2301 | . . . 1332 . 100 . . . . . . . . . . . 111 410 . 148 . . . 200 . . . . Parts Sabotaged 5 | . . . . . . . . . . . . . . . . . . . . . . . . 5 . . . . Parts Stolen . | . . . . . . . . . . . . . . . . . . . . . . . . . . . . . Parts Stripped 80 | . . . . . . . . . . . . . . . . 12 . 31 . . . . 5 11 . . 21 . Power Chain Reactions 6 | . . . . . . . . . 1 . . . . . . . . 1 3 . . . . 1 . . . . Alert | -11 -10 -10 -9 -8 -7 -7 -7 -7 -5 -5 -5 -5 -5 -5 -4 -4 -4 -4 -4 -4 -4 -4 -3 -3 -3 -2 -2 -2 ------- Run | Yrd Mat Min Mat Mat Fac Sto Rec Scr Fac Was Fac Upp Upp War Pro Fac Was Fac Ext Cet Arc Hub Res Arm Lab Res Qua Frg Maximum Alert Level 3 | . . . 1 3 3 2 1 . . . 1 . . . . . . 1 1 1 1 3 2 3 . . 1 3 Low Security (%) 47 | 100 100 100 35 10 . . 3 . 100 100 93 . . . . 100 100 76 63 10 11 14 54 38 . 100 99 49 Level 1 30 | . . . 64 14 58 85 96 . . . 6 . . . . . . 23 36 89 88 22 33 20 . . . 38 Level 2 9 | . . . . 22 15 15 . . . . . . . . . . . . . . . 21 12 39 . . . 5 Level 3 12 | . . . . 52 26 . . . . . . . . . . . . . . . . 42 . . . . . 6 Level 4 . | . . . . . . . . . . . . . . . . . . . . . . . . . . . . . Level 5 . | . . . . . . . . . . . . . . . . . . . . . . . . . . . . . High Security . | . . . . . . . . . . . . . . . . . . . . . . . . . . . . . Max Security . | . . . . . . . . . . . . . . . . . . . . . . . . . . . . . Sterilizations 1 | . . . . 1 . . . . . . . . . . . . . . . . . . . . . . . . Peak Influence 949 | 5 171 40 317 835 766 429 380 . 113 29 218 . . . . 70 55 397 365 388 333 822 457 704 . 6 204 949 Initial 362 | . . . . 131 345 341 163 . . 29 20 . . . . . 11 10 105 180 127 65 362 . . . . 72 Average 270 | 1 54 8 192 582 472 360 289 . 68 29 127 . . . . 32 28 113 177 285 262 502 186 306 . 1 107 266 Influence Increases 14897 | 10 394 50 978 1560 611 128 347 . 155 . 550 125 553 345 20 191 65 1281 1033 358 265 1721 600 1422 . 20 384 1731 Destroy 0b10 Robot/C 6240 | . 180 40 540 980 180 . 60 . . . 120 100 300 280 . 60 . 540 440 160 80 600 240 560 . . 120 660 Destroy 0b10 Robot/NC 745 | 10 30 . 75 145 30 . 50 . 10 . 40 . . 20 5 10 . 50 35 10 35 70 70 5 . 5 5 35 Destroy Leader 1214 | . 44 10 186 218 48 . . . 4 . 30 10 40 . . 22 . 116 62 . . 140 50 110 . . 22 102 Allied During Kill 1367 | . . . . . . . . . . . . . 3 30 . . . 10 250 170 110 654 . 140 . . . . Trap Triggered on 0b10 80 | . . . . . . . . . . . . . . . . . . 10 . . . . . 50 . . . 20 Successful Hack 985 | . 35 . 42 5 84 38 5 . 59 . 115 . . . . 59 . 30 58 . . 52 144 89 . . 63 107 Select Force Hacks 260 | . . . . . . . 180 . 50 . . . . . . . . . . . . . 30 . . . . . Disable Machine 930 | . . . . 75 165 45 30 . . . 75 . . . . . . 15 30 . 30 120 . 180 . . 75 90 Destroy Structure 1411 | . . . 15 62 44 . 22 . 2 . 50 . . . . 10 50 60 98 18 10 70 36 78 . 15 84 687 Partial Spotted 330 | . . . . . 30 45 . . 15 . 45 . . . . 30 15 45 30 . . 15 15 45 . . . . Lose Combat Pursuer 1335 | . 105 . 120 75 30 . . . 15 . 75 15 210 15 15 . . 405 30 . . . 15 165 . . 15 30 Influence Decreases 13964 | 10 394 50 665 1114 620 459 526 240 70 56 429 263 381 340 209 159 82 1080 927 362 397 1217 1290 742 680 20 256 926 Entered New Map 3653 | . . . . 182 414 409 256 240 . 56 9 56 3 184 189 . 21 5 111 142 191 121 328 . 680 . . 56 Time Decay 7147 | 10 384 50 655 732 206 40 270 . 60 . 410 207 359 84 20 159 60 517 446 170 206 356 458 512 . 20 246 510 Lost Part 576 | . 10 . 10 50 . 10 . . . . . . 19 10 . . . 170 30 10 . 20 27 10 . . 10 190 Lost Ally 781 | . . . . . . . . . 10 . 10 . . 62 . . 1 88 40 40 . 270 20 220 . . . 20 Purge Threat 1807 | . . . . 150 . . . . . . . . . . . . . 300 300 . . 450 457 . . . . 150 Squads Dispatched 84 | . 1 . 2 9 7 3 . . 1 . 13 . . . . 2 . 15 2 . . 6 6 11 . 1 1 4 Investigation 40 | . . . . 1 5 2 . . 1 . 10 . . . . 2 . 8 2 . . 1 5 1 . 1 . 1 Extermination 18 | . . . . . 1 . . . . . 2 . . . . . . 5 . . . 3 . 5 . . 1 1 Reinforcement 17 | . 1 . 2 2 . 1 . . . . 1 . . . . . . 2 . . . 2 1 4 . . . 1 Assault 5 | . . . . 3 1 . . . . . . . . . . . . . . . . . . 1 . . . . Garrison 3 | . . . . 3 . . . . . . . . . . . . . . . . . . . . . . . . Intercept 1 | . . . . . . . . . . . . . . . . . . . . . . . . . . . . 1 Searches Triggered . | . . . . . . . . . . . . . . . . . . . . . . . . . . . . . Unchained Authorized 3 | . . . . . . . . . . . . . . . . . . . . . . 1 . 1 . . 1 . Construction Impeded 1 | . . . . . . . . . . . . . . . . . . . . . . 1 . . . . . . Haulers Reinforced 4 | . . . . . . . . . . . 1 . . . . . . 1 . . . 1 1 . . . . . Active Scanning Responses . | . . . . . . . . . . . . . . . . . . . . . . . . . . . . . Cargo Convoy Interrupts 1 | . . . . . . . . . . . . . . . . . . 1 . . . . . . . . . . Stealth | -11 -10 -10 -9 -8 -7 -7 -7 -7 -5 -5 -5 -5 -5 -5 -4 -4 -4 -4 -4 -4 -4 -4 -3 -3 -3 -2 -2 -2 --------- Run | Yrd Mat Min Mat Mat Fac Sto Rec Scr Fac Was Fac Upp Upp War Pro Fac Was Fac Ext Cet Arc Hub Res Arm Lab Res Qua Frg Distress Signals 42 | . 1 . 4 3 2 . . 1 . . 1 . . 1 . 1 . 5 2 2 . 3 9 . . . . 7 Communications Jammed 139 | . . . . . . . . . . . . . . . . . . 4 76 . . 17 . 28 . . . 14 Distress Signals 133 | . . . . . . . . . . . . . . . . . . 3 76 . . 17 . 27 . . . 10 Times Spotted 585 | . 27 3 49 74 17 3 3 14 5 3 14 5 21 49 1 8 5 73 26 10 4 25 23 52 1 2 11 57 Peak Tracking Total 15 | . 4 2 6 7 5 3 1 3 2 3 5 2 5 15 1 4 3 10 5 5 1 8 6 9 1 4 3 10 Tactical Retreats 56 | . 5 . 6 2 1 . . . 1 . 2 1 8 1 1 . . 14 2 . . . 1 8 . . 1 2 ID Masks Used 1 | . . . . . . . . . . . . . . . . . . 1 . . . . . . . . . . IFF Responses 65 | . . . . . . . . . . . . . . . . . . 65 . . . . . . . . . . Traps | -11 -10 -10 -9 -8 -7 -7 -7 -7 -5 -5 -5 -5 -5 -5 -4 -4 -4 -4 -4 -4 -4 -4 -3 -3 -3 -2 -2 -2 ------- Run | Yrd Mat Min Mat Mat Fac Sto Rec Scr Fac Was Fac Upp Upp War Pro Fac Was Fac Ext Cet Arc Hub Res Arm Lab Res Qua Frg Traps Triggered 20 | . 2 . 1 1 2 . . . 1 . . . . . . 2 . 1 3 . . 1 3 3 . . . . Indirectly . | . . . . . . . . . . . . . . . . . . . . . . . . . . . . . Trap Hack Attempts 41 | . . . . 12 . . . . . . . . . . . . . . . . . . . 29 . . . . Triggered . | . . . . . . . . . . . . . . . . . . . . . . . . . . . . . Disarmed 1 | . . . . . . . . . . . . . . . . . . . . . . . . 1 . . . . Reprogrammed 8 | . . . . 1 . . . . . . . . . . . . . . . . . . . 7 . . . . Reused 8 | . . . . . . . . . . . . . . . . . . 1 . . . . . 5 . . . 2 Traps Extracted 8 | . . . . 1 . . . . . . . . 2 . . . . . . . . . . 5 . . . . Installed 8 | . . . . . . . . . . . . . . . . . . 1 . . . . . 5 . . . 2 Triggered 8 | . . . . . . . . . . . . . . . . . . 1 . . . . . 5 . . . 2 Most Traps Carried 11 | . . . . 1 1 1 1 1 1 1 1 1 2 2 11 11 6 6 5 5 5 5 5 5 5 5 5 5 Machines | -11 -10 -10 -9 -8 -7 -7 -7 -7 -5 -5 -5 -5 -5 -5 -4 -4 -4 -4 -4 -4 -4 -4 -3 -3 -3 -2 -2 -2 ---------- Run | Yrd Mat Min Mat Mat Fac Sto Rec Scr Fac Was Fac Upp Upp War Pro Fac Was Fac Ext Cet Arc Hub Res Arm Lab Res Qua Frg Machines Disabled 76 | . . . . 5 11 3 2 5 . . 5 2 1 1 . . . 1 2 . 2 8 . 12 3 . 6 7 Max in Single Turn 8 | . . . . 3 8 1 2 1 . . 3 1 1 1 . . . 1 1 . 1 1 . 1 1 . 1 1 Garrison Access 6 | . . . . 1 . . . . . . 2 . . . . . . . . . . . 3 . . . . . Network Hub 3 | . . . . . . . . . . . . . . . . . . . . . . 3 . . . . . . Machines Repaired . | . . . . . . . . . . . . . . . . . . . . . . . . . . . . . Machines Dismantled 2 | . . . . . . . . . . . . . . . . . . . . . . 2 . . . . . . Machines Sabotaged . | . . . . . . . . . . . . . . . . . . . . . . . . . . . . . Overloaded Fab Kills 2 | . . . . . . . . . 2 . . . . . . . . . . . . . . . . . . . Hacking | -11 -10 -10 -9 -8 -7 -7 -7 -7 -5 -5 -5 -5 -5 -5 -4 -4 -4 -4 -4 -4 -4 -4 -3 -3 -3 -2 -2 -2 --------- Run | Yrd Mat Min Mat Mat Fac Sto Rec Scr Fac Was Fac Upp Upp War Pro Fac Was Fac Ext Cet Arc Hub Res Arm Lab Res Qua Frg Machines Accessed 201 | . 6 1 12 12 15 8 11 7 5 . 23 1 2 2 1 6 . 19 21 . . 10 13 6 1 5 4 10 Terminals 130 | . 6 1 9 9 7 7 5 . 4 . 11 1 1 . 1 4 . 9 20 . . 10 7 4 . 3 3 8 Fabricators 11 | . . . . . 4 . . . 1 . 3 . . . . . . 3 . . . . . . . . . . Repair Stations 11 | . . . 2 1 . . . . . . 2 . . . . . . 3 . . . . 1 2 . . . . Recycling Units 22 | . . . . . 2 1 6 . . . 4 . . . . 2 . 4 1 . . . 1 . . . . 1 Scanalyzers 10 | . . . 1 1 2 . . . . . 1 . . . . . . . . . . . 1 . . 2 1 1 Garrison Access 6 | . . . . 1 . . . . . . 2 . . . . . . . . . . . 3 . . . . . Total Hacks 756 | . 30 4 49 33 45 22 28 36 16 . 74 5 6 7 1 26 . 67 49 . . 38 77 36 4 25 24 54 Successful 421 | . 16 2 31 17 25 8 20 36 7 . 46 5 6 7 1 11 . 33 26 . . 19 33 15 4 11 10 32 Failed 333 | . 14 1 17 16 20 14 8 . 9 . 28 . . . . 15 . 34 23 . . 19 44 21 . 14 14 22 Catastrophic 60 | . 1 1 3 3 1 2 1 . 1 . 1 . . . . 2 . 9 3 . . 5 12 4 . 2 6 3 Database Lockouts 2 | . . 1 1 . . . . . . . . . . . . . . . . . . . . . . . . . Manual 367 | . 23 3 18 16 18 11 15 . 10 . 27 . . . . 12 . 52 22 1 . 30 46 8 . 9 8 38 Terminals 516 | . 30 4 35 21 20 19 11 . 13 . 41 5 5 . 1 22 . 38 48 . . 38 60 19 . 16 21 49 Fabricators 43 | . . . . . 13 . . . 3 . 14 . . . . . . 13 . . . . . . . . . . Repair Stations 52 | . . . 12 3 . . . . . . 5 . . . . . . 10 . . . . 5 17 . . . . Recycling Units 50 | . . . . . 7 3 17 . . . 7 . . . . 4 . 6 1 . . . 1 . . . . 4 Scanalyzers 39 | . . . 2 7 5 . . . . . 4 . . . . . . . . . . . 8 . . 9 3 1 Garrison Access 8 | . . . . 2 . . . . . . 3 . . . . . . . . . . . 3 . . . . . Terminal Hacks 172 | . 6 2 8 2 5 7 3 36 1 . 9 5 6 7 1 3 . 7 16 . . 7 11 7 4 4 6 9 Record 40 | . . . . . . . . 26 . . . 5 5 . 1 . . . . . . . . . 3 . . . Part Schematic 3 | . . . . . . . . . . . . . . . . . . . 1 . . . . 1 . 1 . . Robot Schematic 3 | . 1 . . . . 1 . . . . . . . . . . . . . . . . . . . . . 1 Robot Analysis 12 | . . 1 . . . . . 8 . . . . . . . . . . . . . . . 1 . . 1 1 Prototype ID Bank 17 | . 3 . 3 . 1 1 1 . . . . . . 6 . . . . 1 . . . 1 . . . . . Open Door 17 | . . . . . . 3 . 1 . . . . 1 1 . . . 1 10 . . . . . . . . . Level Access Points 1 | . . . . . . . . . . . . . . . . . . . . . . . . . . . . 1 Branch Access Points 4 | . . . . . 1 . . . . . 1 . . . . 1 . . . . . . . . . 1 . . Machine Index 3 | . . . . . 1 . . . . . . . . . . . . . . . . . 1 . . . . 1 Terminal Index 10 | . 1 . 1 . 1 . 1 . . . . . . . . 1 . 1 . . . 1 1 . . . 1 1 Fabricator Index 1 | . . . . . . . . . . . 1 . . . . . . . . . . . . . . . . . Repair Station Index 1 | . . . . . . . . . . . . . . . . . . . . . . . . 1 . . . . Recycling Unit Index 3 | . . . . . . . . . 1 . 1 . . . . 1 . . . . . . . . . . . . Scanalyzer Index 1 | . . . . . . . . . . . 1 . . . . . . . . . . . . . . . . . Alert Level 6 | . . . . . . . . . . . . . . . . . . 1 1 . . 2 . 2 . . . . Unreport Threat 13 | . . . . 1 . . . . . . . . . . . . . 2 2 . . 3 4 . . . . 1 Locate Traps 13 | . 1 . 2 . 1 1 . . . . 3 . . . . . . 1 . . . . 2 . . 1 . 1 Dispatch Records 1 | . . 1 . . . . . . . . . . . . . . . . . . . . . . . . . . Recall Extermination 2 | . . . . . . . . . . . 1 . . . . . . . . . . . . 1 . . . . Recall Reinforcements 2 | . . . 1 . . . . . . . . . . . . . . 1 . . . . . . . . . . Hauler Manifests 5 | . . . . 1 . . . . . . 1 . . . . . . . . . . 1 1 . . . 1 . Registered Components 3 | . . . 1 . . . . . . . . . . . . . . . . . . . 1 . . . 1 . Zone Layout 9 | . . . . . . 1 1 . . . . . . . . . . . 1 . . . . 1 . 1 2 2 Proto ID Catalog 1 | . . . . . . . . 1 . . . . . . . . . . . . . . . . . . . . Release Object 1 | . . . . . . . . . . . . . . . . . . . . . . . . . 1 . . . Fabricator Hacks 15 | . . . . . 4 . . . 1 . 8 . . . . . . 2 . . . . . . . . . . Network Status 3 | . . . . . 1 . . . 1 . . . . . . . . 1 . . . . . . . . . . Load Schematic 7 | . . . . . 2 . . . . . 5 . . . . . . . . . . . . . . . . . Build 5 | . . . . . 1 . . . . . 3 . . . . . . 1 . . . . . . . . . . Repair Station Hacks 27 | . . . 12 2 . . . . . . 3 . . . . . . 3 . . . . 1 6 . . . . Scan Component 15 | . . . 6 1 . . . . . . 2 . . . . . . 2 . . . . 1 3 . . . . Repair 12 | . . . 6 1 . . . . . . 1 . . . . . . 1 . . . . . 3 . . . . Recycling Unit Hacks 15 | . . . . . 3 . 7 . . . 3 . . . . 1 . 1 . . . . . . . . . . Recycle Component 1 | . . . . . 1 . . . . . . . . . . . . . . . . . . . . . . . Process 1 | . . . . . 1 . . . . . . . . . . . . . . . . . . . . . . . Retrieve Components 13 | . . . . . 1 . 7 . . . 3 . . . . 1 . 1 . . . . . . . . . . Scanalyzer 25 | . . . 1 6 3 . . . . . 3 . . . . . . . . . . . 5 . . 5 2 . Insert Component 5 | . . . . 2 1 . . . . . 1 . . . . . . . . . . . . . . . 1 . Analyze 3 | . . . . 2 . . . . . . 1 . . . . . . . . . . . . . . . . . Retrieve Study 17 | . . . 1 2 2 . . . . . 1 . . . . . . . . . . . 5 . . 5 1 . Garrison Access Hacks 6 | . . . . 1 . . . . . . 2 . . . . . . . . . . . 3 . . . . . Seal Access 6 | . . . . 1 . . . . . . 2 . . . . . . . . . . . 3 . . . . . Unauthorized Hacks 160 | . 10 . 10 6 10 . 10 . 5 . 18 . . . . 7 . 20 10 . . 12 13 2 . 2 2 23 Terminals 126 | . 10 . 10 6 6 . 4 . 4 . 10 . . . . 6 . 10 9 . . 12 12 2 . 2 2 21 Track 11 | . . . . . . . . . . . . . . . . . . 1 . . . 4 . . . . . 6 Assimilate 11 | . 1 . 1 . . . . . 2 . 1 . . . . . . 2 . . . 1 1 . . . . 2 Botnet 37 | . 3 . 3 . 2 . 3 . 1 . 3 . . . . 2 . 1 3 . . 1 5 2 . 2 1 5 Operators 11 | . 1 . 1 . . . . . . . 1 . . . . 2 . 1 1 . . 1 1 . . . 1 1 Skim 56 | . 5 . 5 6 4 . 1 . 1 . 5 . . . . 2 . 5 5 . . 5 5 . . . . 7 Fabricators 12 | . . . . . 3 . . . 1 . 4 . . . . . . 4 . . . . . . . . . . Liberate 1 | . . . . . . . . . . . . . . . . . . 1 . . . . . . . . . . Fabnet 4 | . . . . . 2 . . . . . 1 . . . . . . 1 . . . . . . . . . . Haulers 2 | . . . . . . . . . . . . . . . . . . 2 . . . . . . . . . . Overload 1 | . . . . . . . . . 1 . . . . . . . . . . . . . . . . . . . Recompile 4 | . . . . . 1 . . . . . 3 . . . . . . . . . . . . . . . . . Repair Stations 2 | . . . . . . . . . . . . . . . . . . 2 . . . . . . . . . . Patch 2 | . . . . . . . . . . . . . . . . . . 2 . . . . . . . . . . Recycling Units 19 | . . . . . 1 . 6 . . . 4 . . . . 1 . 4 1 . . . 1 . . . . 1 Mask 1 | . . . . . 1 . . . . . . . . . . . . . . . . . . . . . . . Tunnel 7 | . . . . . . . 6 . . . . . . . . . . . . . . . 1 . . . . . Fedlink 11 | . . . . . . . . . . . 4 . . . . 1 . 4 1 . . . . . . . . 1 Scanalyzers 1 | . . . . . . . . . . . . . . . . . . . . . . . . . . . . 1 Researchers 1 | . . . . . . . . . . . . . . . . . . . . . . . . . . . . 1 Garrison Access . | . . . . . . . . . . . . . . . . . . . . . . . . . . . . . Data Cores Recovered 6 | . . . . 2 . . . . . . . . . . . 1 . 1 1 . . . 1 . . . . . Used 2 | . . . . . . . . . . . . . . . . . . . 1 . . . 1 . . . . . Hacking Detections 144 | . 6 1 12 10 14 7 6 . 5 . 14 1 1 . . 5 . 12 16 1 . 8 8 6 . 4 2 5 Full Trace Events 17 | . . . . 1 4 2 . . . . 3 . . . . 1 . 2 1 . . 1 1 . . 1 . . Feedback Events 1 | . . . . . . 1 . . . . . . . . . . . . . . . . . . . . . . Hackware Fried 1 | . . . . . . 1 . . . . . . . . . . . . . . . . . . . . . . Feedback Blocked . | . . . . . . . . . . . . . . . . . . . . . . . . . . . . . Robot Schematics Acquired 3 | . 1 . . . . 1 . . . . . . . . . . . . . . . . . . . . . 1 Robots Built . | . . . . . . . . . . . . . . . . . . . . . . . . . . . . . Authchips . | . . . . . . . . . . . . . . . . . . . . . . . . . . . . . Time . | . . . . . . . . . . . . . . . . . . . . . . . . . . . . . Total Robot Build Rating . | . . . . . . . . . . . . . . . . . . . . . . . . . . . . . Part Schematics Acquired 14 | . . . . 2 . . . . 2 . 5 . . . . . . . 1 . . . . 1 . 1 . 2 Parts Built 6 | . . . . . 1 . . . . . 3 . . . . . . 2 . . . . . . . . . . Authchips 3 | . . . . . 1 . . . . . 2 . . . . . . . . . . . . . . . . . Time 350 | . . . . . 58 . . . . . 164 . . . . . . 128 . . . . . . . . . . Total Part Build Rating 39 | . . . . . 3 . . . . . 20 . . . . . . 16 . . . . . . . . . . Part Studies Acquired 17 | . . . 1 2 2 . . . . . 1 . . . . . . . . . . . 5 . . 5 1 . Parts Repaired 12 | . . . 6 1 . . . . . . 1 . . . . . . 1 . . . . . 3 . . . . Time 490 | . . . 180 32 . . . . . . 47 . . . . . . 103 . . . . . 128 . . . . Parts Recycled 1 | . . . . . 1 . . . . . . . . . . . . . . . . . . . . . . . Recycled Matter 127 | . . . . . 127 . . . . . . . . . . . . . . . . . . . . . . . Retrieved Matter . | . . . . . . . . . . . . . . . . . . . . . . . . . . . . . Retrieved Components 16 | . . . . . . . 12 . . . 1 . . . . 1 . 2 . . . . . . . . . . Parts Scanalyzed 3 | . . . . 2 . . . . . . 1 . . . . . . . . . . . . . . . . . Part Schematics Acquired 3 | . . . . 2 . . . . . . 1 . . . . . . . . . . . . . . . . . Parts Damaged 1 | . . . . 1 . . . . . . . . . . . . . . . . . . . . . . . . Bothacking | -11 -10 -10 -9 -8 -7 -7 -7 -7 -5 -5 -5 -5 -5 -5 -4 -4 -4 -4 -4 -4 -4 -4 -3 -3 -3 -2 -2 -2 ------------ Run | Yrd Mat Min Mat Mat Fac Sto Rec Scr Fac Was Fac Upp Upp War Pro Fac Was Fac Ext Cet Arc Hub Res Arm Lab Res Qua Frg Used RIF Installer . | . . . . . . . . . . . . . . . . . . . . . . . . . . . . . Robots Hacked 15 | . . . . . . . . . . . . . 1 2 . . . . . . . . 1 6 . 1 1 3 Non-combat 2 | . . . . . . . . . . . . . . . . . . . . . . . . . . 1 . 1 Combat 7 | . . . . . . . . . . . . . 1 2 . . . . . . . . 1 2 . . . 1 Robot Hacks Applied 2 | . . . . . . . . . . . . . . . . . . . . . . . . . . 1 . 1 parse_system 1 | . . . . . . . . . . . . . . . . . . . . . . . . . . . . 1 find_fabricator 1 | . . . . . . . . . . . . . . . . . . . . . . . . . . 1 . . Manual 7 | . . . . . . . . . . . . . . . . . . . . . . . . 4 . . 1 2 Relay Couplers Released 3 | . . . . . . . . . . . . . . . . . . . . . . . 3 . . . . . Machine Destruction 3 | . . . . . . . . . . . . . . . . . . . . . . . 3 . . . . . Fabnet Peak Effective % 3 | . . . . . . . . . 1 1 1 1 1 1 . . . . . . . . 3 3 3 1 1 1 Autooverrided 7 | . . . . . . . . . . . . . 1 2 . . . . . . . . 1 2 . . . 1 Robots Rewired 34 | . . . . . . . 13 . . . . . . 5 . . . . 4 . . . . 12 . . . . Allies Hacked 2 | . . . . . . . . . . . . . . . . . . . . . . 1 . 1 . . . . Hacks Repelled . | . . . . . . . . . . . . . . . . . . . . . . . . . . . . . Allies | -11 -10 -10 -9 -8 -7 -7 -7 -7 -5 -5 -5 -5 -5 -5 -4 -4 -4 -4 -4 -4 -4 -4 -3 -3 -3 -2 -2 -2 -------- Run | Yrd Mat Min Mat Mat Fac Sto Rec Scr Fac Was Fac Upp Upp War Pro Fac Was Fac Ext Cet Arc Hub Res Arm Lab Res Qua Frg Total Allies 72 | . . . 1 . . . 13 1 1 . 1 . 1 7 . . 1 5 19 5 . 1 1 14 . . . 1 Largest Group 17 | . . . 1 1 . . 13 14 1 . 1 . . 5 . . 1 3 15 17 16 15 1 8 . . . . Highest-Rated Group 1122 | . . . 10 10 . . 286 382 26 . 26 . . 235 . . 46 90 767 1122 972 876 58 356 . . . . Highest-Rated Ally 159 | . . . 10 10 . . 40 96 26 . 26 . . 64 . . 46 30 159 150 96 96 58 58 . . . . Total Orders 56 | . . . . . . . 2 22 . . . . . 6 . . . 7 2 2 2 2 . 11 . . . . STAY 33 | . . . . . . . . 15 . . . . . 6 . . . 3 1 1 1 2 . 4 . . . . ROAM 2 | . . . . . . . . . . . . . . . . . . . . . . . . 2 . . . . FOLLOW 18 | . . . . . . . 1 6 . . . . . . . . . 3 1 1 1 . . 5 . . . . AID 1 | . . . . . . . . 1 . . . . . . . . . . . . . . . . . . . . TUNNEL 1 | . . . . . . . 1 . . . . . . . . . . . . . . . . . . . . . EXPLORE 1 | . . . . . . . . . . . . . . . . . . 1 . . . . . . . . . . Ally Attacks 435 | . . . . . . . . 36 . . . . . 34 . . 11 6 87 65 18 111 3 63 . . . 1 Total Damage 12098 | . . . . . . . . 959 . . . . . 1023 . . 217 207 2106 1647 429 3091 115 2304 . . . . Kills 62 | . . . . . . . . 10 . . . . . 5 . . . . 11 7 3 21 . 5 . . . . Allies Corrupted 5 | . . . . . . . . . . . . . . 1 . . . . . . . 1 . 3 . . . . Allies Melted 2 | . . . . . . . . 1 . . . . . . . . . . . . . . . 1 . . . . Intel | -11 -10 -10 -9 -8 -7 -7 -7 -7 -5 -5 -5 -5 -5 -5 -4 -4 -4 -4 -4 -4 -4 -4 -3 -3 -3 -2 -2 -2 ------- Run | Yrd Mat Min Mat Mat Fac Sto Rec Scr Fac Was Fac Upp Upp War Pro Fac Was Fac Ext Cet Arc Hub Res Arm Lab Res Qua Frg Active Infowar (turns) 14760 | 13 347 . . 1127 412 80 144 . 138 19 856 1070 2122 519 508 276 148 1636 525 . 153 750 696 1674 63 129 453 902 Optics 85 | . . . . . 61 . . . . . 22 . . . . . . . . . . . . . . . . 2 Sensors 3400 | . . . . . . . . . . . . 979 1961 460 . . . . . . . . . . . . . . IFF 32 | . . . . . . . . . . . . . . . . . . 15 17 . . . . . . . . . Structural 4634 | . . . . . . . . . . . 130 583 375 80 355 53 148 881 15 . . 587 489 263 63 129 258 225 Seismic 3837 | 13 347 . . . 404 80 72 . 138 19 806 25 133 12 508 219 . 1061 . . . . . . . . . . T.N.C. 1822 | . . . . 1127 . . . . . . . . . . . . . 563 132 . . . . . . . . . Cloaking 2546 | . . . . . . . . . . . . . . 2 . 241 148 964 15 . 150 . 86 116 . . 114 710 Jamming 4163 | . . . . . . . 72 . . . . 91 28 . . . . 97 378 . 3 750 171 1660 . . 211 702 ID Mask 137 | . . . . . . . . . . . . . . . . . . 137 . . . . . . . . . . Robot Analysis Total 12 | . . 1 . . . . . 8 . . . . . . . . . . . . . . . 1 . . 1 1 Derelict Logs Recovered 6 | . . 1 . . . . . . . . . 2 2 . 1 . . . . . . . . . . . . . Drone Launches 6 | . . . . . . . . . . . . . . . . . . 6 . . . . . . . . . . Drone Recoveries . | . . . . . . . . . . . . . . . . . . . . . . . . . . . . . Exploration | -11 -10 -10 -9 -8 -7 -7 -7 -7 -5 -5 -5 -5 -5 -5 -4 -4 -4 -4 -4 -4 -4 -4 -3 -3 -3 -2 -2 -2 ------------- Run | Yrd Mat Min Mat Mat Fac Sto Rec Scr Fac Was Fac Upp Upp War Pro Fac Was Fac Ext Cet Arc Hub Res Arm Lab Res Qua Frg Turns Passed 27604 | 83 1331 221 2831 3623 424 80 594 1678 139 19 991 1252 2299 1073 539 347 148 1784 1106 358 434 804 1196 1852 348 129 527 1394 Spaces Moved 27115 | 41 693 113 1097 1488 1055 223 830 4027 436 77 1746 1293 1696 1108 668 483 183 2318 912 180 312 931 1904 1658 309 201 390 743 Core 8 | 5 . . . . . . . . . . . . . . . . . . . . . . . . . . . 3 Treads 3555 | 36 693 113 1097 1411 . . . . . . . . . . . . . . . 132 71 . . . . . 2 . Legs 786 | . . . . . . . . . . . . . . . . . . . . . . . . . . . 71 715 Wheels 77 | . . . . 77 . . . . . . . . . . . . . . . . . . . . . . . . Hover 14668 | . . . . . . . . . . . 398 1293 1696 1108 668 483 183 2318 912 48 241 931 1904 1658 309 201 317 . Flight 8021 | . . . . . 1055 223 830 4027 436 77 1348 . . . . . . . . . . . . . . . . 25 Fastest Speed 5 | 50 160 160 160 120 24 23 23 23 20 5 20 58 65 50 50 50 50 40 40 54 44 40 36 40 44 44 44 45 Average Speed 60 | 146 160 160 200 156 25 23 23 23 21 19 32 62 65 60 55 50 50 50 52 134 75 41 41 45 44 44 54 97 Slowest Speed 245 | 160 160 160 240 245 26 93 23 88 23 20 150 65 65 226 56 50 50 132 126 240 237 108 44 151 44 44 160 169 Overloaded Moves 3 | . . . . . . . . . . 3 . . . . . . . . . . . . . . . . . . Propulsion Burnouts . | . . . . . . . . . . . . . . . . . . . . . . . . . . . . . Robots Hopped 21 | . . . . . 1 1 12 1 3 . 3 . . . . . . . . . . . . . . . . . Potential Cave-ins 12 | . . . . . . . . . . . . . . . . . . . . . . . . . . . . 12 Cave-ins Triggered . | . . . . . . . . . . . . . . . . . . . . . . . . . . . . . Teleports 1 | . . . . . . . . . . . . . . . . . . . . . . . . . . . . 1 Exploration Rate (%) 59 | 4 71 30 85 89 27 38 91 92 12 75 42 96 98 93 80 9 79 48 83 57 81 61 42 69 99 7 43 34 Regions Visited 28 Branch Regions 16 Pre-discovered Areas 21 | . 2 . . 1 . . 6 1 . . 3 . 1 . 1 . . 3 . . . 2 1 . . . . . Known Exits Taken 17 | . 1 1 1 1 1 1 1 1 . . 1 1 1 1 1 . . 1 . . . . 1 . 1 1 . . Unknown Exits Taken 7 | 1 . . . . . . . . . . . . . . . . . . 1 1 1 1 . 1 . . 1 . Scrap Searched 23 | . . 2 . . . . . 8 . . . 4 5 . 4 . . . . . . . . . . . . . Spaces Dug 393 | . . . 7 4 11 . . 3 1 . 24 27 81 4 10 5 . 23 1 . . 11 17 25 . 5 12 122 Terrain Destroyed 1165 | . . . 7 67 48 . . 3 1 . 25 88 230 144 10 5 35 35 97 4 4 11 18 40 . 5 76 212 Melee 176 | . . . . 4 11 . . 1 1 . 20 9 11 4 8 5 . 22 1 . . 10 15 23 . 5 12 14 Projectile 181 | . . . . . . . . . . . 5 2 4 . 2 . . 2 1 4 4 1 3 6 . . 34 113 AOE 693 | . . . 7 63 37 . . 2 . . . 77 215 140 . . 35 11 95 . . . . 11 . . . . Terrain Rammed . | . . . . . . . . . . . . . . . . . . . . . . . . . . . . . Walls Destroyed . | . . . . . . . . . . . . . . . . . . . . . . . . . . . . . Machines Disabled . | . . . . . . . . . . . . . . . . . . . . . . . . . . . . . Actions | -11 -10 -10 -9 -8 -7 -7 -7 -7 -5 -5 -5 -5 -5 -5 -4 -4 -4 -4 -4 -4 -4 -4 -3 -3 -3 -2 -2 -2 --------- Run | Yrd Mat Min Mat Mat Fac Sto Rec Scr Fac Was Fac Upp Upp War Pro Fac Was Fac Ext Cet Arc Hub Res Arm Lab Res Qua Frg Total 36201 | 53 820 129 1530 2517 1159 241 1186 4783 475 80 2091 1661 2798 1479 815 569 210 2749 1501 272 493 1276 2234 2505 498 232 638 1207 Wait 5865 | . 44 1 243 757 5 . 233 653 31 1 172 270 998 199 113 22 5 161 442 45 133 247 155 455 122 13 137 208 Move 27048 | 40 692 112 1096 1487 1052 220 806 4024 430 76 1739 1292 1695 1107 667 483 182 2317 911 179 311 930 1903 1657 308 200 389 743 Hop 20 | . . . . . 1 1 11 1 3 . 3 . . . . . . . . . . . . . . . . . Pick Up 249 | 2 9 . 27 18 11 1 4 44 3 2 21 5 8 5 4 4 2 9 5 5 5 2 12 15 7 3 10 6 Fast Attach 252 | 6 5 . 11 13 6 4 3 2 1 . 18 7 2 14 1 7 . 26 6 7 11 6 22 18 13 1 9 33 Attach 147 | . . . 3 11 8 1 1 2 4 . 15 4 2 5 2 3 1 16 8 5 2 3 7 9 5 3 7 20 Detach 95 | . 1 . . 3 . . . 3 . . 14 5 . 3 . 2 . 11 7 2 3 2 1 3 3 1 9 22 Swap 353 | . 3 . 20 27 13 3 3 3 . . 18 18 20 9 6 12 1 64 10 3 4 17 21 40 . 1 11 26 Drop 413 | . 4 . 34 34 20 7 3 44 . 1 27 8 10 19 5 11 2 21 12 9 13 7 30 22 18 3 17 32 Fire 641 | 5 57 15 89 139 9 . 14 2 . . 12 9 25 24 3 2 17 19 10 10 4 1 3 103 7 1 6 55 Melee 734 | . . . . 4 23 4 7 5 3 . 52 43 38 4 14 12 . 101 40 7 7 54 80 112 15 6 43 60 Ram 1 | . . . . . . . . . . . . . . . . . . 1 . . . . . . . . . . Kick . | . . . . . . . . . . . . . . . . . . . . . . . . . . . . . Crush 25 | . 5 1 7 12 . . . . . . . . . . . . . . . . . . . . . . . . Escape Stasis 48 | . . . . . 11 . . . . . . . . . . 11 . . 26 . . . . . . . . . Rewire 252 | . . . . . . . 101 . . . . . . 90 . . . . 24 . . . . 37 . . . . Trap 49 | . . . . 12 . . . . . . . . . . . . . 1 . . . . . 34 . . . 2 Miscellaneous 9 | . . . . . . . . . . . . . . . . . . 2 . . . 7 . . . . . . Route ------- -11/Scrapyard -10/Materials (discovered 6 exits: *Mat x3 / *Min x2 / Sub) -10/Mines (discovered 2 exits: *Mat x2) -9/Materials (discovered 5 exits: *Mat x3 / [*Min x2]) -8/Materials (discovered 3 exits: *Fac x3) -7/Factory (discovered 5 exits: *Fac / *Sto x2 / *Low x2) -7/Storage (discovered 2 exits: Fac / *Rec) -7/Recycling (discovered 2 exits: Fac / *Scr) -7/Scraptown (discovered 2 exits: *Fac x2) -5/Factory (discovered 2 exits: *Upp x2) -5/Waste -5/Factory (discovered 6 exits: *Fac x4 / *Upp x2) -5/Upper Caves -5/Upper Caves (discovered 2 exits: *Fac / *War) -5/Warlord -4/Proximity Caves -4/Factory (discovered 4 exits: Upp x2 / Ext x2) -4/Waste -4/Factory (discovered 3 exits: *Res / *Upp / *Ext) -4/Extension (discovered 2 exits: *Res / *Cet) -4/Cetus (discovered 2 exits: *Res / [*Arc]) -4/Archives (discovered 3 exits: *Res / *Hub x2) -4/Hub_04(d) (discovered 2 exits: *Res x2) -3/Research (discovered 6 exits: Res x3 / *Arm / Tes x2) -3/Armory (discovered 2 exits: Res / *Lab) -3/Lab -2/Research (discovered 2 exits: *Qua x2) -2/Quarantine (discovered 3 exits: Acc / [*Sec] / *Frg) -2/Protoforge (discovered 1 exit: Acc) History --------- Turn | Location | Event 4 | -11/Scrapyard | Discovered new exit (range 14) 84 | -11/Scrapyard | Entered Materials 305 | -10/Materials | Build established: Mutant 545 | -10/Materials | Discovered new exit (range 15) 721 | -10/Materials | Discovered new exit (range 14) 1144 | -10/Materials | Discovered new exit (range 15) 1221 | -10/Materials | Learned location of Mines (-8) 1321 | -10/Materials | Learned Storage stockpile data 1336 | -10/Materials | Learned location of 1 exit from Recycling 1339 | -10/Materials | Identified exit to Mines 1339 | -10/Materials | Identified exit to Materials 1339 | -10/Materials | Identified exit to Subcaves 1353 | -10/Materials | Learned location of Recycling (-7) 1377 | -10/Materials | Learned Storage emergency access door positions 1415 | -10/Materials | Entered Mines 1518 | -10/Mines | Central database locked down 1611 | -10/Mines | Learned 2 Materials zone layouts 1636 | -10/Mines | Entered Materials 1636 | -9/Materials | Evolved 2 slots: Weapon x2 1656 | -9/Materials | Central database locked down 1953 | -9/Materials | Build established: Scavenger-Tank 2187 | -9/Materials | Discovered new exit (range 15) 2482 | -9/Materials | Discovered new exit (range 16) 2949 | -9/Materials | Identified exit to Materials 3064 | -9/Materials | Learned 4 Recycling zone layouts 3105 | -9/Materials | Loaded intel: 2 repair station locations 3157 | -9/Materials | Learned location of 1 exit from Storage 3168 | -9/Materials | Learned location of 1 exit from Storage 3189 | -9/Materials | Learned location of 2 exits from Materials 3746 | -9/Materials | Repaired Hvy. Assault Rifle 3779 | -9/Materials | Repaired Hvy. Assault Rifle 4234 | -9/Materials | Repaired Hvy. Assault Rifle 4267 | -9/Materials | Repaired Med. Armor Plating 4294 | -9/Materials | Repaired Lgt. Treads 4322 | -9/Materials | Repaired Med. Storage Unit 4467 | -9/Materials | Entered another Materials area 4467 | -8/Materials | Accompanied by 1 ally 4467 | -8/Materials | Evolved 2 slots: Propulsion x2 4468 | -8/Materials | Identified exit to Factory 4857 | -8/Materials | Repaired Med. Armor Plating 5029 | -8/Materials | Discovered exit to Factory (range 16) 5240 | -8/Materials | Garrison activated, responded to threat 5350 | -8/Materials | Build established: Scavenger-Skirmisher 5465 | -8/Materials | Lost 4 parts (2n2w) 5973 | -8/Materials | Garrison activated, responded to threat 6052 | -8/Materials | Learned location of Extension (-4) 6067 | -8/Materials | First assault squad dispatched 6081 | -8/Materials | Garrison activated, responded to threat 6133 | -8/Materials | Destroyed 7 combat bots 6481 | -8/Materials | Build established: Gunner 7266 | -8/Materials | Learned 8 Factory zone layouts 7330 | -8/Materials | Sterilization system engaged 7330 | -8/Materials | Non-combat units ordered to evacuate 7335 | -8/Materials | Learned 2 Storage zone layouts 7374 | -8/Materials | Learned location of 1 exit from Recycling 7424 | -8/Materials | Learned 2 Storage zone layouts 7430 | -8/Materials | Combat units ordered to evacuate 7630 | -8/Materials | Ambient heat levels rising (+10) 7780 | -8/Materials | Ambient heat levels rising (+10) 7930 | -8/Materials | Ambient heat levels rising (+10) 8080 | -8/Materials | Ambient heat levels rising (+10) 8090 | -8/Materials | Entered Factory 8090 | -7/Factory | Evolved 2 slots: Propulsion x1, Utility x1 8091 | -7/Factory | Identified exit to Storage 8127 | -7/Factory | Discovered new exit (range 17) 8301 | -7/Factory | Identified exit to Lower Caves 8369 | -7/Factory | Discovered new exit (range 3) 8422 | -7/Factory | Fabricated Imp. VTOL Module? 8433 | -7/Factory | Build established: Sprinter 8490 | -7/Factory | First assault squad dispatched 8514 | -7/Factory | Entered Storage 8515 | -7/Storage | Identified exit to Recycling 8516 | -7/Storage | Identified exit to Factory 8592 | -7/Storage | Hacking Suite fried by hacking feedback 8593 | -7/Storage | Used back door to open Recycling access 8594 | -7/Storage | Entered Recycling 8595 | -7/Recycling | Identified exit to Factory 8595 | -7/Recycling | Identified exit to Scraptown 8784 | -7/Recycling | Scanned before Scraplab entrance 9141 | -7/Recycling | Entered Scraplab 9188 | -7/Recycling | Entered Scraptown 9188 | -7/Scraptown | Accompanied by 13 allies 9216 | -7/Scraptown | Build established: Commander-Sprinter 9236 | -7/Scraptown | Discovered exit to Factory (range 11) 9253 | -7/Scraptown | Visited Comm Corps 9263 | -7/Scraptown | Visited Spacefarers 9266 | -7/Scraptown | Visited Cave Peace 9268 | -7/Scraptown | Visited Red Mages 9272 | -7/Scraptown | Visited TADAMA 9274 | -7/Scraptown | Heard Great Nut preacher, LISTEN AND RECITE! 9279 | -7/Scraptown | Visited Cyclists 9280 | -7/Scraptown | Visited Shadow of the Wyrm 9339 | -7/Scraptown | Visited UFD Registry 9339 | -7/Scraptown | Registered with UFD as "Microgrid" 9345 | -7/Scraptown | Entered Cyclist Reading Room 9356 | -7/Scraptown | Visited Chapter 10 9360 | -7/Scraptown | Visited Curators Association 9368 | -7/Scraptown | Visited Abandonware Association 9370 | -7/Scraptown | Learned abandonware demo "HACKBUD.EXE" 9370 | -7/Scraptown | Learned abandonware demo "SHUTEYE.EXE" 9400 | -7/Scraptown | Visited Science Guys 9407 | -7/Scraptown | Visited Analyses Database 9413 | -7/Scraptown | Visited Sword Containment 9419 | -7/Scraptown | Found Prototype Slashing Weapon 9419 | -7/Scraptown | Identified Companion Sword 9424 | -7/Scraptown | Visited Scrapoid Research Area 9431 | -7/Scraptown | Visited Botcube Research 9436 | -7/Scraptown | Visited DA-N13 Charitable Foundation 9438 | -7/Scraptown | Found DCF Scrap (29 items) 9482 | -7/Scraptown | Discovered exit to Factory (range 3) 9492 | -7/Scraptown | Found Lrg. Botcube 9508 | -7/Scraptown | Found Scrap Suit 9788 | -7/Scraptown | Lrg. Botcube activated 9822 | -7/Scraptown | Lrg. Botcube completed mutation into treaded form, armed with 4 guns. 10430 | -7/Scraptown | Met Optimus 10430 | -7/Scraptown | Accepted into 0bPrime 10771 | -7/Scraptown | Civil war broke out across Scraptown 10771 | -7/Scraptown | Attached CPS modules to U4-KNK(c). 10788 | -7/Scraptown | Found ID Mask 10797 | -7/Scraptown | Found PL-3XN's Ring of Power 10806 | -7/Scraptown | Found Deploy-a-Sentry 10825 | -7/Scraptown | Found Thermal Lance 10858 | -7/Scraptown | Lost 9 allies 10866 | -7/Scraptown | Entered Factory 10866 | -5/Factory | Evolved 4 slots: Propulsion x1, Utility x3 10959 | -5/Factory | Discovered new exit (range 10) 10991 | -5/Factory | Discovered new exit (range 15) 11005 | -5/Factory | Sucked down chute 11005 | -5/Factory | Entered Waste 11009 | -5/Waste | Spotted C-40 Crusher 11012 | -5/Waste | Spotted C-40 Crusher 11014 | -5/Waste | Spotted C-40 Crusher 11015 | -5/Waste | Spotted C-40 Crusher 11016 | -5/Waste | Spotted C-40 Crusher 11020 | -5/Waste | EMP discharged 11020 | -5/Waste | Discovered new exit (range 10) 11024 | -5/Waste | Entered Factory 11033 | -5/Factory | Identified exit to Upper Caves 11058 | -5/Factory | Discovered new exit (range 14) 11143 | -5/Factory | Loaded intel: 8 recycling unit locations 11146 | -5/Factory | Learned location of Protoforge (-2) 11315 | -5/Factory | Tech Extrapolator generated special schematic: Deep Structural Scanner 11347 | -5/Factory | Repaired Broken Cmb. Antigrav System? 11451 | -5/Factory | Identified exit to Factory 11503 | -5/Factory | Learned location of Armory (-3) 11543 | -5/Factory | Learned location of 2 exits from Research 11575 | -5/Factory | Learned location of 1 exit from Armory 11597 | -5/Factory | Learned location of 1 exit from Testing 11609 | -5/Factory | Learned Armory emergency access door positions 11612 | -5/Factory | Fabricated Cmb. Antigrav System (x2) 11612 | -5/Factory | Learned location of 2 exits from Proximity Caves 11625 | -5/Factory | Learned Research security intel 11648 | -5/Factory | Learned 2 Extension zone layouts 11664 | -5/Factory | Fabricated Deep Structural Scanner? 11723 | -5/Factory | Loaded intel: 94 trap records 12015 | -5/Factory | Entered Upper Caves 12158 | -5/Upper Caves | Entered a destroyed Warlord outpost 12448 | -5/Upper Caves | Learned Extension emergency access door positions 12448 | -5/Upper Caves | Learned Extension trap positions 12479 | -5/Upper Caves | Attracted the attention of an 0b10 base 12972 | -5/Upper Caves | Build established: Scout 12985 | -5/Upper Caves | Learned location of 1 exit from Proximity Caves 13030 | -5/Upper Caves | Discovered new exit (range 10) 13214 | -5/Upper Caves | Attracted the attention of an 0b10 checkpoint 13246 | -5/Upper Caves | Learned Factory security intel 13265 | -5/Upper Caves | Identified exit to Upper Caves 13267 | -5/Upper Caves | Entered another Upper Caves area 13287 | -5/Upper Caves | Learned location of Warlord (-5) 13360 | -5/Upper Caves | Discovered exit to Factory (range 16) 13685 | -5/Upper Caves | Identified exit to Warlord 13725 | -5/Upper Caves | Encountered a Warlord checkpoint 15177 | -5/Upper Caves | Build established: Mutant 15528 | -5/Upper Caves | Learned Extension terminal intel 15528 | -5/Upper Caves | Learned Armory trap positions 15528 | -5/Upper Caves | Learned location of 2 exits from Lower Caves 15529 | -5/Upper Caves | Attracted the attention of an 0b10 base 15566 | -5/Upper Caves | Entered Warlord 15567 | -5/Warlord | Identified exit to Proximity Caves 15863 | -5/Warlord | Build established: Scout 15868 | -5/Warlord | Found Prototype Special Weapon 15868 | -5/Warlord | Identified RU-N14's Throwing Claymores v3 15871 | -5/Warlord | Found RU-N14's Throwing Claymores v3 15874 | -5/Warlord | Found RU-N14's Throwing Claymores v3 16094 | -5/Warlord | Warlord's base attacked by MAIN.C 16118 | -5/Warlord | Rebuked by Warlord 16175 | -5/Warlord | Found Prototype Energy Gun 16175 | -5/Warlord | Identified Vortex Rifle 16238 | -5/Warlord | Found Prototype Hackware 16241 | -5/Warlord | Found Prototype Device 16241 | -5/Warlord | Identified Exp. Cloaking Device 16246 | -5/Warlord | Found Prototype Device 16246 | -5/Warlord | Identified Thermal Barrier 16265 | -5/Warlord | Found Prototype Reactor 16317 | -5/Warlord | Spotted B-75 Beast 16377 | -5/Warlord | Lost 3 allies 16444 | -5/Warlord | Warlord forces counterattacked 16453 | -5/Warlord | Spotted B-86 Titan 16497 | -5/Warlord | Lost 3 allies 16518 | -5/Warlord | Destroyed B-86 Titan 16525 | -5/Warlord | Spotted B-75 Beast 16539 | -5/Warlord | Destroyed 8 combat bots 16594 | -5/Warlord | Spotted Executioner 16594 | -5/Warlord | Spotted Striker 16595 | -5/Warlord | Spotted B-75 Beast 16595 | -5/Warlord | Spotted B-86 Titan 16639 | -5/Warlord | Entered Proximity Caves 16662 | -4/Proximity Caves | Lost 17 allies 16881 | -4/Proximity Caves | Spotted B-86 Titan 17097 | -4/Proximity Caves | Build established: Trapper-Mutant 17178 | -4/Proximity Caves | Entered Factory 17178 | -4/Factory | Evolved 2 slots: Power x1, Utility x1 17179 | -4/Factory | Forged Quantum Companion 17182 | -4/Factory | Identified Vortex Chain Reactor 17203 | -4/Factory | Identified Ghost Barrier 17314 | -4/Factory | Identified exit to Upper Caves 17314 | -4/Factory | Identified exit to Extension 17323 | -4/Factory | Loaded intel: 8 recycling unit locations 17525 | -4/Factory | Sucked down chute 17525 | -4/Factory | Entered Waste 17526 | -4/Waste | Met a frightened Derelict 17532 | -4/Waste | Spotted C-40 Crusher 17556 | -4/Waste | Spotted C-40 Crusher 17556 | -4/Waste | Spotted C-40 Crusher 17567 | -4/Waste | Destroyed C-40 Crusher 17576 | -4/Waste | Spotted C-40 Crusher 17578 | -4/Waste | Spotted C-40 Crusher 17578 | -4/Waste | Destroyed C-40 Crusher 17589 | -4/Waste | Destroyed C-40 Crusher 17600 | -4/Waste | Spotted C-40 Crusher 17613 | -4/Waste | Destroyed C-40 Crusher 17650 | -4/Waste | Discovered new exit (range 15) 17673 | -4/Waste | Entered Factory 17819 | -4/Factory | Lost 4 allies 17853 | -4/Factory | Loaded intel: 8 recycling unit locations 17859 | -4/Factory | Found Prototype Processor 17927 | -4/Factory | Identified Exp. Melee Analysis Suite 18055 | -4/Factory | Discovered new exit (range 9) 18364 | -4/Factory | Discovered exit to Upper Caves (range 10) 18381 | -4/Factory | Fabricated Hyp. Railgun? 18513 | -4/Factory | Discovered exit to Extension (range 6) 18701 | -4/Factory | Learned location of Quarantine (-2) 18739 | -4/Factory | Learned 4 Research zone layouts 18768 | -4/Factory | Learned 4 Research zone layouts 18785 | -4/Factory | Learned 4 Quarantine zone layouts 18793 | -4/Factory | Learned Testing stockpile data 18794 | -4/Factory | Loaded intel: 4 scanalyzer locations 18803 | -4/Factory | Learned location of 2 exits from Research 18856 | -4/Factory | Repaired Broken Cmb. Linear Gravjet? 18902 | -4/Factory | Lost 3 allies 18915 | -4/Factory | Build established: Hacker-Mutant 19081 | -4/Factory | ID Mask engaged 19085 | -4/Factory | Cargo convoy interrupted 19110 | -4/Factory | System corruption reached 10% 19111 | -4/Factory | Lost 10 parts (2p4n2u2w) 19157 | -4/Factory | Spotted B-86 Titan 19218 | -4/Factory | ID Mask no longer valid 19298 | -4/Factory | Lost 3 parts (3n) 19457 | -4/Factory | Entered Extension 19459 | -4/Extension | Loaded intel: 15 trap records 19461 | -4/Extension | Loaded intel: 21 terminal locations 19724 | -4/Extension | Rescued a captive Derelict 19724 | -4/Extension | Rescued a captive Derelict 19746 | -4/Extension | Rescued a captive Derelict 19752 | -4/Extension | Rescued a captive Derelict 19758 | -4/Extension | Rescued a captive Derelict 19759 | -4/Extension | Rescued a captive Derelict 19766 | -4/Extension | Rescued a captive Derelict 19778 | -4/Extension | Rescued A7 19782 | -4/Extension | Build established: Scavenger-Gladiator 19784 | -4/Extension | Rescued a captive Derelict 19784 | -4/Extension | Rescued a captive Derelict 19856 | -4/Extension | Loaded intel: 1 recycling unit location 20035 | -4/Extension | Spotted B-86 Titan 20035 | -4/Extension | Spotted B-86 Titan 20052 | -4/Extension | Allies destroyed B-86 Titan 20061 | -4/Extension | Core integrity fell below 50% 20069 | -4/Extension | Allies destroyed B-86 Titan 20094 | -4/Extension | Lost 3 allies 20103 | -4/Extension | Rescued a captive Derelict 20104 | -4/Extension | Rescued a captive Derelict 20157 | -4/Extension | Rescued a captive Derelict 20163 | -4/Extension | Build established: Scavenger-Mutant 20172 | -4/Extension | Rescued a captive Derelict 20292 | -4/Extension | Learned Factory security intel 20332 | -4/Extension | Discovered new exit (range 7) 20332 | -4/Extension | Discovered new exit (range 5) 20372 | -4/Extension | Learned Armory stockpile data 20398 | -4/Extension | Learned Armory garrison access intel 20414 | -4/Extension | Learned Quarantine garrison access intel 20421 | -4/Extension | Learned Research fabricator intel 20438 | -4/Extension | Learned Armory trap positions 20462 | -4/Extension | Rescued a captive Derelict 20465 | -4/Extension | Learned location of 1 exit from Research 20563 | -4/Extension | Entered Cetus 20563 | -4/Cetus | Accompanied by 15 allies (A7) 20568 | -4/Cetus | Acquired a Cetus Manufacturing Module code from A7 20581 | -4/Cetus | Spotted Cetus Guard 20583 | -4/Cetus | Spotted Cetus Guard 20593 | -4/Cetus | Spotted Cetus Guard 20597 | -4/Cetus | Spotted Cetus Guard 20600 | -4/Cetus | Allies destroyed Cetus Guard 20601 | -4/Cetus | Allies destroyed Cetus Guard 20601 | -4/Cetus | Allies destroyed Cetus Guard 20704 | -4/Cetus | Started Cetus Manufacturing Module 20723 | -4/Cetus | Discovered new exit (range 15) 20729 | -4/Cetus | Manufactured an Enhanced Grunt 20754 | -4/Cetus | Manufactured an Enhanced Grunt 20757 | -4/Cetus | Spotted Cetus Guard 20757 | -4/Cetus | Spotted Cetus Guard 20760 | -4/Cetus | Spotted Cetus Guard 20763 | -4/Cetus | Spotted Cetus Guard 20765 | -4/Cetus | Destroyed Cetus Guard 20768 | -4/Cetus | Destroyed Cetus Guard 20771 | -4/Cetus | Allies destroyed Cetus Guard 20773 | -4/Cetus | Discovered new exit (range 12) 20775 | -4/Cetus | Destroyed Cetus Guard 20779 | -4/Cetus | Manufactured an Enhanced Grunt 20783 | -4/Cetus | Met Revision 17 20804 | -4/Cetus | Manufactured an Enhanced Grunt 20829 | -4/Cetus | Manufactured an Enhanced Grunt 20876 | -4/Cetus | Murdered A7 20877 | -4/Cetus | Extracted ID and sensor layout for unrecognized location from A7's data core 20921 | -4/Cetus | Entered Archives 20921 | -4/Archives | Accompanied by 16 allies 20972 | -4/Archives | Discovered new exit (range 16) 21034 | -4/Archives | Discovered new exit (range 14) 21188 | -4/Archives | Discovered new exit (range 15) 21355 | -4/Archives | Entered Hub_04(d) 21355 | -4/Hub_04(d) | Accompanied by 15 allies 21463 | -4/Hub_04(d) | Spotted B-86 Titan 21470 | -4/Hub_04(d) | Allies destroyed B-86 Titan 21531 | -4/Hub_04(d) | Discovered new exit (range 13) 21623 | -4/Hub_04(d) | Lost 3 allies 21758 | -4/Hub_04(d) | Discovered new exit (range 9) 21789 | -4/Hub_04(d) | Learned Research emergency access door positions 21844 | -4/Hub_04(d) | Learned 2 Upper Caves zone layouts 21855 | -4/Hub_04(d) | Lost 5 allies 21924 | -4/Hub_04(d) | Learned 4 Quarantine zone layouts 21951 | -4/Hub_04(d) | Learned 2 Armory zone layouts 21954 | -4/Hub_04(d) | Network Hub disabled 21990 | -4/Hub_04(d) | Learned Factory emergency access door positions 22022 | -4/Hub_04(d) | Network Hub disabled 22038 | -4/Hub_04(d) | Network Hub disabled 22039 | -4/Hub_04(d) | Learned Quarantine stockpile data 22098 | -4/Hub_04(d) | Learned location of 1 exit from Testing 22129 | -4/Hub_04(d) | Unchained authorized (CL-0N3) 22139 | -4/Hub_04(d) | Spotted Lightning 22147 | -4/Hub_04(d) | Spotted Lightning 22157 | -4/Hub_04(d) | Spotted Lightning 22157 | -4/Hub_04(d) | Spotted Lightning 22157 | -4/Hub_04(d) | Spotted Lightning 22159 | -4/Hub_04(d) | Entered Research 22159 | -3/Research | Evolved 2 slots: Propulsion x1, Utility x1 22160 | -3/Research | Identified exit to Armory 22161 | -3/Research | Identified exit to Testing 22161 | -3/Research | Identified exit to Research 22165 | -3/Research | Loaded intel: 3 fabricator locations 22359 | -3/Research | Revision forces began assault on 0b10 22536 | -3/Research | Build established: Hacker-Mutant 22659 | -3/Research | Met up with Revision 17++ 22760 | -3/Research | Learned location of 1 exit from Testing 22794 | -3/Research | Local machine network offline 22828 | -3/Research | Found Prototype Device 22828 | -3/Research | Identified Adv. Kinecellerator 22859 | -3/Research | Research terminal network offline 22994 | -3/Research | Build established: Hacker-Gladiator 23127 | -3/Research | Lost 4 allies 23268 | -3/Research | Spotted Striker 23355 | -3/Research | Entered Armory 23358 | -3/Armory | Loaded intel: 54 trap records 23399 | -3/Armory | Repaired Imp. Linear Gravjet 23427 | -3/Armory | Found Fusion Bomb Launcher 23528 | -3/Armory | Unchained authorized (CL-0N3) 23719 | -3/Armory | Repaired Com. Particle Reactor? 23799 | -3/Armory | Repaired Centrium Medium Armor Plating 24092 | -3/Armory | Local machine network offline 24455 | -3/Armory | P-80 Master assimilated allied Veteran 8b 24456 | -3/Armory | P-80 Master reconstituted as Combat Programmer 24456 | -3/Armory | Spotted Combat Programmer 24457 | -3/Armory | Combat Programmer assimilated allied Champion 8b 24463 | -3/Armory | Spotted B-86 Titan 24472 | -3/Armory | Allies destroyed Combat Programmer 24472 | -3/Armory | Combat Programmer reconstituted as CL-0N3 24738 | -3/Armory | Discovered new exit (range 10) 24832 | -3/Armory | P-80 Master assimilated allied Champion 8e 24994 | -3/Armory | Found Gamma Bomb Array 25048 | -3/Armory | Spotted Armor Guard 25048 | -3/Armory | Spotted Armor Guard 25065 | -3/Armory | Destroyed Armor Guard 25069 | -3/Armory | Destroyed Armor Guard 25105 | -3/Armory | First assault squad dispatched 25133 | -3/Armory | Spotted Armor Guard 25133 | -3/Armory | Spotted Armor Guard 25140 | -3/Armory | Found Disassembled Obliterator 25163 | -3/Armory | Found PL-3XN's Ring of Power 25207 | -3/Armory | Entered Lab 25211 | -3/Lab | Discovered exit to Research (range 9) 25216 | -3/Lab | Hidden lab's door opened automatically 25216 | -3/Lab | Sensor layout match revealed 25217 | -3/Lab | Gained access to the hidden lab's interior 25281 | -3/Lab | Found Prototype Special Weapon 25293 | -3/Lab | Found Prototype Energy Cannon 25293 | -3/Lab | Identified Potential Cannon 25296 | -3/Lab | Found Prototype Energy Gun 25296 | -3/Lab | Identified Tachyon Dispersion Ray 25346 | -3/Lab | Detected by scanners 25364 | -3/Lab | Confronted by A5 25377 | -3/Lab | Destroyed A5 25428 | -3/Lab | Unable to decrypt terminal 25430 | -3/Lab | Found Alien Artifact 25430 | -3/Lab | Identified LC Capacitor 25452 | -3/Lab | Found Prototype Protection 25452 | -3/Lab | Identified Med. Regenerative Plating 25465 | -3/Lab | Found Alien Artifact 25465 | -3/Lab | Identified Core Regenerator 25465 | -3/Lab | Used Core Regenerator, restored core integrity (+303) 25470 | -3/Lab | Found Alien Artifact 25470 | -3/Lab | Identified Integrated Dissipator 25470 | -3/Lab | Installed Integrated Dissipator, increased core heat dissipation (+20) 25481 | -3/Lab | Found Alien Artifact 25493 | -3/Lab | Found Prototype Hackware 25519 | -3/Lab | Identified Gui. Remote Datajack 25555 | -3/Lab | Entered Research 25555 | -2/Research | Evolved 2 slots: Utility x2 25557 | -2/Research | Identified Quantum Router 25602 | -2/Research | Identified exit to Quarantine 25684 | -2/Research | Entered Quarantine 25685 | -2/Quarantine | Identified exit to Access 25687 | -2/Quarantine | Loaded intel: 1 garrison access location 25690 | -2/Quarantine | Cryocooling Duct disabled 25705 | -2/Quarantine | Ambient heat levels rising (+20) 25705 | -2/Quarantine | Non-combat units ordered to evacuate 25782 | -2/Quarantine | Found Alien Artifact 25784 | -2/Quarantine | Identified Subatomic Replicator 25784 | -2/Quarantine | Used Subatomic Replicator to replicate PL-3XN's Ring of Power 25789 | -2/Quarantine | Assembled PL-3XN's Obliterator 25795 | -2/Quarantine | Found Prototype Processor 25815 | -2/Quarantine | Identified Exp. Target Analyzer 25859 | -2/Quarantine | Found Alien Energy Cannon 25868 | -2/Quarantine | Unchained authorized (CL-0N3) 26002 | -2/Quarantine | Spotted Fortress 26011 | -2/Quarantine | Found Prototype Device 26011 | -2/Quarantine | Identified Exp. EM Shield 26022 | -2/Quarantine | Found Prototype Device 26022 | -2/Quarantine | Identified Exp. Force Field 26040 | -2/Quarantine | Destroyed Fortress 26095 | -2/Quarantine | W-44 Eye reconstituted as Alpha 7 26105 | -2/Quarantine | Destroyed Alpha 7 26105 | -2/Quarantine | Alpha 7 reconstituted as CL-0N3 26107 | -2/Quarantine | Identified Core Cannon 26129 | -2/Quarantine | Discovered new exit (range 5) 26129 | -2/Quarantine | Discovered new exit (range 6) 26211 | -2/Quarantine | Entered Protoforge 26308 | -2/Protoforge | Superfortress began startup sequence 26358 | -2/Protoforge | Spotted AP7-3 26359 | -2/Protoforge | Spotted AP7-3 26527 | -2/Protoforge | Spotted Overlord 26543 | -2/Protoforge | Destroyed Overlord 26648 | -2/Protoforge | Found Prototype Device 26648 | -2/Protoforge | Identified Cep. Antimissile System 26677 | -2/Protoforge | Found Exp. Cloaking Device 26680 | -2/Protoforge | Found Prototype Piercing Weapon 26680 | -2/Protoforge | Identified Exp. Jetlance 26824 | -2/Protoforge | Spotted SKR-2 26824 | -2/Protoforge | Spotted SKR-2 26824 | -2/Protoforge | Spotted SKR-2 26861 | -2/Protoforge | UFD initiated attack on Protoforge (Readiness: Very Low) 26861 | -2/Protoforge | Loaded intel: 3 recycling unit locations 26886 | -2/Protoforge | Spotted EXE-6 26888 | -2/Protoforge | Spotted EXE-6 26897 | -2/Protoforge | Optimus greeted in Protoforge 26913 | -2/Protoforge | Found Prototype Device 26913 | -2/Protoforge | Identified Exp. Kinecellerator 26917 | -2/Protoforge | Found Prototype Processor 26917 | -2/Protoforge | Identified Exp. Armor Integrity Analyzer 26924 | -2/Protoforge | Found Prototype Ballistic Gun 26924 | -2/Protoforge | Identified Cep. XC Strikerail 26928 | -2/Protoforge | Found Cep. XC Strikerail 26930 | -2/Protoforge | Lost 11 allies 26939 | -2/Protoforge | Found Prototype Processor 26939 | -2/Protoforge | Identified Exp. Core Analyzer 26986 | -2/Protoforge | Found Exp. Melee Analysis Suite 26990 | -2/Protoforge | Spotted EXE-6 26990 | -2/Protoforge | Destroyed EXE-6 26994 | -2/Protoforge | Found Cep. XC Strikerail 27003 | -2/Protoforge | System corruption reached 10% 27041 | -2/Protoforge | Found Cep. XC Strikerail 27204 | -2/Protoforge | Spotted Striker 27205 | -2/Protoforge | Destroyed Striker 27212 | -2/Protoforge | Spotted Executioner 27230 | -2/Protoforge | Spotted Immortal 27235 | -2/Protoforge | Spotted Immortal 27271 | -2/Protoforge | Destroyed Immortal 27275 | -2/Protoforge | Build established: Scavenger-Gunner 27280 | -2/Protoforge | Found Exp. Melee Analysis Suite 27316 | -2/Protoforge | Intercept squad dispatched 27321 | -2/Protoforge | Spotted Tracker 27322 | -2/Protoforge | Spotted Tracker 27324 | -2/Protoforge | Spotted Immortal 27328 | -2/Protoforge | Destroyed Tracker 27328 | -2/Protoforge | Destroyed Tracker 27336 | -2/Protoforge | Spotted Combat Programmer 27342 | -2/Protoforge | Spotted Immortal 27356 | -2/Protoforge | Spotted Combat Programmer 27391 | -2/Protoforge | Identified Transdimensional Reconstructor 27391 | -2/Protoforge | Warped through subspace 27421 | -2/Protoforge | Lost 8 parts (3n4u1w) 27427 | -2/Protoforge | Spotted Executioner 27428 | -2/Protoforge | Spotted Striker 27434 | -2/Protoforge | Core integrity fell below 50% 27441 | -2/Protoforge | Additional patrols dispatched to research labs 27445 | -2/Protoforge | UFD reported confirmed Drillbomb installation 27461 | -2/Protoforge | Learned Research stockpile data 27461 | -2/Protoforge | Spotted Immortal 27461 | -2/Protoforge | Spotted Immortal 27487 | -2/Protoforge | Destroyed Striker 27501 | -2/Protoforge | Learned 12 Research zone layouts 27506 | -2/Protoforge | Core integrity fell below 20% 27506 | -2/Protoforge | Destroyed Executioner 27544 | -2/Protoforge | Destroyed 10 combat bots 27547 | -2/Protoforge | Lost 11 parts (2p3n6u) 27557 | -2/Protoforge | Learned Access fabricator intel 27558 | -2/Protoforge | Learned Access trap positions 27559 | -2/Protoforge | Learned Research trap positions 27560 | -2/Protoforge | Learned 4 Research zone layouts 27605 | -2/Protoforge | Destroyed by Immortal with Experimental Jetlance Last Messages --------------- 27558_ >> SKIM: Stored Access trap records. 27559_ >> SKIM: Stored Research trap records. 27560_ >> SKIM: Stored Research zone layouts (x4). 27560_ Acquired Com. HERF Cannon+. 27566_ Immortal springs to life. 27569_ Acquired Mic. Antimatter Reactor. 27570_ >> SKIM: Stored Access entrances (x1). 27572_ O8E9>T /PK4,YSN HN4HO9&9SD9VE=K&S/GDHLSM 27578_ System corrupted: Com. HERF Cannon+ failed to cycle. The surroundings shift and blur. 27590_ >> SKIM: Exit location confirmed. 27590_ >> SKIM: Data seek routine purged. 27590_ 0bP_NET: Lugger 531 inbound, all units not involved in other operations escort to target. 27591_ Critical hit (Impale). 27592_ 0bP_NET: Lugger 427 inbound, all units not involved in other operations escort to target. The surroundings shift and blur. 27601_ System corrupted: Energy discharge (-40). 27605_ Critical hit (Impale). Map ----- +----------------------------------------------------+ | ?????????????????????????????????????????????????? | | ?????????????????????????????????????????????????? | | ?????????????????????????????????????????????????? | | ?????????????????????????????????????????????????? | | ?????????????????????????????????????????????????? | | ?????????????????????????????????????????????????? | | ?????????????????????????????????????????????????? | | ?????????????????????????????????????????????????? | | ?????????????????????????????????????????????????? | | ?????????????????????????####????????????????????? | | ?????????????????????????# #????????????????????? | | ?????????????????????????# ????????????????????? | | ?????????????????????????# ????????????????????? | | ?????????????????????????# ????????????????????? | | ??????????????????######## #????????????????????? | | ??????????????????#"""""## #????????????????????? | | ??????????????????#"] ## #????##??????????????? | | ??????????????????#" ]## #####"#??????????????? | | ??????????????????#" ] " ^ ""#?##???????????? | | ??????????????????#" ] " "## ##??????????? | | ??????????????????#" " "; #??????????? | | ??????????????????#" =]!"[![ ; #???????????? | | ??????????????????# ] ="! ; #????????????? | | ??????????????????#"] l" "! ;#?????????????? | | ??????????????????#!=|! l/ " ##?????????????? | | ??????????????????#" ;@ ""#??????????????? | | ??????????????????# [ = "##?????????????? | | ??????????????????#"" ""# * ;##????????????? | | ??????????????????####### =! ; ;;#??????????? | | ?????????#######?????## " ##; #?????? | | ?????????#######????##" "" ; # """""""????? | | #####????## ##???###"";#######;;; ###### #?????? | | #####???### ##??## #?????## ; "??????????? | | ???##???### ######""""###???????##;# " ????????? | | ???##???## #### ##???????????###" ???????? | | ???##???## ###"""""##???????????????## ???????? | | ???##???## ## # ###???????????????????#?####### | | ???##??### %#% ##???????????????????????####### | | ???##??### #" ##????????????????????????##????? | | ######### "###?????????????????????????##????? | | ######### % ##???????????????????????????##????? | | # + ##???????????????????????????##????? | | # % ## ##???????????????????????????##????? | | # ## " ##???????????????????????????##????? | | + "T" ####%####???????????????????????????##???## | | # """ ####"####???????????????????????????##???## | | # #### ##?????????????????????????????##???## | | #####/## ##?????????????????????????????##???## | | ##### #####???????????##????????????????##???## | | ##?## #####??????????? ##???????????????##???## | +----------------------------------------------------+ Best States ------------- Heat Dissipation 107 Coolant Potential 100 Energy Generation 55 Energy Capacity 1200 Matter Stores 300 Matter Capacity 300 Sight Range 20 Robot Scan Range 15 Terrain Scan Density 10 Jamming Range 16 Cloak Strength 4 Additional Mass Support 16 Corruption Containment 12 Armor Coverage 225 Resistance: EM 75 Weapon Shielding 33 Melee Speed Boost 20 Evasion (%) 85 Targeting Accuracy 20 Melee Accuracy 24 Target Analysis 10 Core Analysis 8 Armor Integrity Analysis 50 Recoil Reduction 4 Kinecelleration 66 Offensive Hacking 38 Defensive Hacking 37 Authchip Count 1 Trap Extractor Capacity 8 Item Schematics ----------------- Enh. Autogun | -8/Materials | Scanalyzed Imp. VTOL Module | -8/Materials | Scanalyzed Spk. Treads | -5/Factory | Extrapolated Spk. Medium Treads | -5/Factory | Extrapolated Spk. Heavy Treads | -5/Factory | Extrapolated Mak. Leg | -5/Factory | Extrapolated Cmb. Antigrav System | -5/Factory | Scanalyzed Mak. Coolant Network | -5/Factory | Extrapolated Deep Structural Scanner | -5/Factory | Extrapolated Exp. Utility Shielding | -4/Extension | Hacked Weapon Mount | -3/Armory | Hacked Hvy. Shield Leg | -2/Research | Hacked Enh. Biometal Leg | -2/Protoforge | Archive Exp. Coolant Injector | -2/Protoforge | Archive Robot Schematics ------------------ M-13 Machinist | -10/Materials | Hacked B-36 Bruiser | -7/Storage | Hacked H-88 Terminator | -2/Protoforge | Hacked Fabricated ------------ Imp. VTOL Module | x1 | -7/Factory | Authchip Cmb. Antigrav System | x2 | -5/Factory | Authchip Deep Structural Scanner | x1 | -5/Factory | Authchip Hyp. Railgun | x2 | -4/Factory | Preloaded Repaired ---------- Hvy. Assault Rifle | 35% | -9/Materials Hvy. Assault Rifle | 41% | -9/Materials Hvy. Assault Rifle | 43% | -9/Materials Med. Armor Plating | 67% | -9/Materials Lgt. Treads | 80% | -9/Materials Med. Storage Unit | 84% | -9/Materials Med. Armor Plating | 28% | -8/Materials Cmb. Antigrav System | 10% | -5/Factory | Broken Cmb. Linear Gravjet | 71% | -4/Factory | Broken Imp. Linear Gravjet | 26% | -3/Armory Com. Particle Reactor | 34% | -3/Armory Centrium Medium Armor Plating | 63% | -3/Armory Studied --------- Assault Rifle | -9/Materials | Hacked Hvy. Assault Rifle | -8/Materials | Hacked Minigun | -8/Materials | Hacked Xenon Bombardment Thruster | -7/Factory | Hacked Lgt. Nuclear Core | -7/Factory | Hacked Lgt. Angular Momentum Engine | -5/Factory | Hacked Cmb. Linear Gravjet | -3/Research | Hacked Com. HERF Cannon | -3/Research | Hacked Imp. Antigrav System | -3/Research | Hacked Mic. Fission Core | -3/Research | Hacked Adv. Remote Datajack | -3/Research | Hacked Cmb. Antigrav System | -2/Research | Hacked Centrium Leg | -2/Research | Hacked Lgt. Quantum Reactor | -2/Research | Hacked Railgun | -2/Research | Hacked Gamma Bomb Array | -2/Research | Hacked Biometal Leg | -2/Quarantine | Hacked Alien Tech Used ----------------- LC Capacitor Core Regenerator Integrated Dissipator Subatomic Replicator Core Cannon Transdimensional Reconstructor Achievements -------------- Coming In Hot Frankenstein Hammer Time Challenges ------------ None Game ------ Seed PhaseContainmentRouter Manual? 0 Play Time 08:01:49 Cumulative 710.6 hours Start 2025.12.11 @ 22:40:05 End 2025.12.16 @ 01:59:50 Sessions 5 Manual Loads 0 Difficulty Rogue Special Mode None Game No. 229 Rogue 213 Adventurer 15 Explorer 1 Win Type - Total 40 Types 10/4/10/2/2/0/6/3/1/2 Lore% 96 Gallery% 91 Achievement% 70 Wizard Run 0 Options --------- Layout 0 ASCII 0 Keyboard 0 Movement Numpad Keybinds 0 Fullscreen 1 Font 18/SmallcapsGlow Map View 76x50 Zoom Use 0% Tactical HUD 1 Map Filters NONE Filters NONE Steam 1 RUN: c37b922f-bf54-410b-ad19-a0eac354afba